Workbook
Name Constr: '25033'!#REF!
Name Constr: '25074'!$A$1
Name Constr: '25079'!$A$7
Name Constr: '25081'!$A$7
Name Constr: '25082'!$A$7
Name Constr: '25083'!$A$7
Name Constr: '25085'!$A$7
Name FOT: '25033'!$D$13
Name FOT: '25074'!$D$16
Name FOT: '25079'!$D$13
Name FOT: '25081'!$D$17
Name FOT: '25082'!$D$17
Name FOT: '25083'!$D$14
Name FOT: '25085'!$D$17
Name Ind: '25033'!#REF!
Name Ind: '25074'!#REF!
Name Ind: '25079'!$H$9
Name Ind: '25081'!$H$9
Name Ind: '25082'!$H$9
Name Ind: '25083'!$H$9
Name Ind: '25085'!$H$9
Name Obj: '25033'!$E$7
Name Obj: '25074'!$D$7
Name Obj: '25079'!#REF!
Name Obj: '25081'!#REF!
Name Obj: '25082'!#REF!
Name Obj: '25083'!#REF!
Name Obj: '25085'!#REF!
Name Obosn: '25033'!$D$11
Name Obosn: '25074'!$D$11
Name Obosn: '25079'!$D$11
Name Obosn: '25081'!$D$13
Name Obosn: '25082'!$D$13
Name Obosn: '25083'!$D$12
Name Obosn: '25085'!$D$13
Name SmPr: '25033'!$D$12
Name SmPr: '25074'!$D$12
Name SmPr: '25079'!$D$12
Name SmPr: '25081'!$D$14
Name SmPr: '25082'!$D$14
Name SmPr: '25083'!$D$13
Name SmPr: '25085'!$D$14
Name аааааппппппрррппппппп: #REF!
Name аааааппппппрррппппппп: #REF!
Name аараооооооооооооо: #REF!
Name аараооооооооооооо: #REF!
Name автом: #REF!
Name автом: #REF!
Name алшрльоплварл: #REF!
Name алшрльоплварл: #REF!
Name аолвлддддддддддддддддввввввввв: #REF!
Name аолвлддддддддддддддддввввввввв: #REF!
Name апарв: #REF!
Name апарв: #REF!
Name апрлдджаоырыфрпопрлпрлпрлп: #REF!
Name апрлдджаоырыфрпопрлпрлпрлп: #REF!
Name арлггаджаш: #REF!
Name арлггаджаш: #REF!
Name ароррбллтблпроорапииас: #REF!
Name ароррбллтблпроорапииас: #REF!

Sheet 25033
A1: СОГЛАСОВАНО: | E1: ФГУП "Комбинат "Электрохимприбор" | M1: УТВЕРЖДАЮ:
G2: (наименование стройки) | M2: Зам. генерального директора
A3: _____________________________ | M3: Е.В.Гордеев
A4: " _____ " ________________ 2013г. | G4: ЛОКАЛЬНЫЙ СМЕТНЫЙ РАСЧЕТ № 25033
G5: (локальная смета) | M5: "______ " __________2013 г.
C7: на | D7: Реконструкцию помещений для отдела 031. Ул.Мамина-Сибиряка 3 (инв.№ 4900006)
E8: Раздел: Водопровод и канализация.
H9: (наименование работ и затрат, наименование объекта)
D11: Основание: Проект № 24692-13-ВК
D12: Сметная стоимость строительных работ _______________________________________________________________________________________________ | J12: ___________________________17,357 | L12: тыс. руб.
D13: Средства на оплату труда _______________________________________________________________________________________________ | J13: ___________________________2,251 | L13: тыс. руб.
D14: Сметная трудоемкость _______________________________________________________________________________________________ | J14: _______________________________________________________________________________________________162,78 | L14: чел.час
D15: Материалы ___________________________________________________________ | J15: =J89/1000 -> 10.387 | L15: тыс.руб.
D16: Составлен(а) в базовых ценах 2001г. в редакции 2009г.
A18: № пп | B18: Обоснование | C18: Наименование | D18: Ед. изм. | E18: Кол. | F18: Стоимость единицы, руб. | J18: Общая стоимость, руб. | N18: Т/з осн. раб.на ед. | O18: Т/з осн. раб. Всего | P18: Т/з мех. на ед. | Q18: Т/з мех. Всего
F19: Всего | G19: В том числе | J19: Всего | K19: В том числе
G20: Осн.З/п | H20: Эк.Маш | I20: З/пМех | K20: Осн.З/п | L20: Эк.Маш | M20: З/пМех
A21: 1 | B21: 2 | C21: 3 | D21: 4 | E21: 5 | F21: 6 | G21: 7 | H21: 8 | I21: 9 | J21: 10 | K21: 11 | L21: 12 | M21: 13 | N21: 14 | O21: 15 | P21: 16 | Q21: 17
A22: Раздел 1. Разборка.
A23: 1 | B23: ТЕРр65-2-2 | C23: Разборка трубопроводов из чугунных канализационных труб диаметром 100 мм | D23: 100 м | E23: 0.05 | F23: 1028.82 | G23: 1015.92 | H23: 12.9 | I23: 5 | J23: 51 | K23: 51 | N23: 85.3 | O23: 4.27 | P23: 0.32 | Q23: 0.02
A24: 2 | B24: ТЕРр65-2-1 | C24: Разборка трубопроводов из чугунных канализационных труб диаметром 50 мм | D24: 100 м | E24: 0.065 | F24: 825.86 | G24: 819.41 | H24: 6.45 | I24: 2.5 | J24: 54 | K24: 54 | N24: 68.8 | O24: 4.47 | P24: 0.16 | Q24: 0.01
A25: 3 | B25: ТЕРр65-4-2 | C25: Демонтаж унитазов и писсуаров | D25: 100 приборов | E25: 0.09 | F25: 778.41 | G25: 766.72 | H25: 11.69 | I25: 4.53 | J25: 70 | K25: 69 | L25: 1 | N25: 63.84 | O25: 5.75 | P25: 0.29 | Q25: 0.03
A26: 4 | B26: ТЕРр65-4-1 | C26: Демонтаж умывальников и раковин | D26: 100 приборов | E26: 0.03 | F26: 626.59 | G26: 616.11 | H26: 10.48 | I26: 4.06 | J26: 19 | K26: 19 | N26: 51.3 | O26: 1.54 | P26: 0.26 | Q26: 0.01
A27: 5 | B27: ТЕРр65-1-1 | C27: Разборка трубопроводов из водогазопроводных труб диаметром до 32 мм | D27: 100 м | E27: 0.245 | F27: 483.12 | G27: 405.87 | H27: 8.12 | I27: 1.56 | J27: 118 | K27: 99 | L27: 2 | N27: 34.66 | O27: 8.49 | P27: 0.1 | Q27: 0.02
A28: 6 | B28: ТЕРр65-3-13 | C28: Снятие задвижек диаметром до 100 мм | D28: 100 шт. | E28: 0.01 | F28: 1154.63 | G28: 1144.55 | H28: 10.08 | I28: 3.91 | J28: 12 | K28: 12 | N28: 95.3 | O28: 0.95 | P28: 0.25
A29: Раздел 2. Система В1.
A30: 7 | B30: ТЕР16-02-002-04 | C30: Прокладка трубопроводов водоснабжения из стальных водогазопроводных оцинкованных труб диаметром 32 мм | D30: 100 м | E30: 0.06 | F30: 7311.57 | G30: 502.3 | H30: 79.16 | I30: 2.73 | J30: 439 | K30: 30 | L30: 5 | N30: 37.07 | O30: 2.22 | P30: 0.15 | Q30: 0.01
A31: 8 | B31: ТЕР16-03-002-03 | C31: Прокладка трубопроводов водоснабжения из многослойных металл-полимерных труб диаметром 25 мм | D31: 100 м | E31: 0.055 | F31: 10428.34 | G31: 1417.28 | H31: 68.47 | I31: 1.27 | J31: 574 | K31: 78 | L31: 4 | N31: 103 | O31: 5.67 | P31: 0.07
A32: 9 | B32: ТЕР16-03-002-01 | C32: Прокладка трубопроводов водоснабжения из многослойных металл-полимерных труб диаметром 15 мм | D32: 100 м | E32: 0.155 | F32: 6136.29 | G32: 1541.12 | H32: 66.7 | I32: 1.27 | J32: 951 | K32: 239 | L32: 10 | N32: 112 | O32: 17.36 | P32: 0.07 | Q32: 0.01
A33: 10 | B33: ТСЦ-301-1224 | C33: Крепления для трубопроводов: кронштейны, планки, хомуты | D33: кг | E33: 5.4 | F33: 17.02 | J33: 92
A34: 11 | B34: ТЕР16-05-001-02 | C34: Установка вентилей, клапанов диаметром до 50 мм | D34: 1 шт. | E34: 17 | F34: 138.58 | G34: 18.79 | H34: 5.32 | J34: 2356 | K34: 319 | L34: 90 | N34: 1.47 | O34: 24.99
A35: 12 | B35: ТСЦ-302-1831 | C35: Кран шаровой муфтовый 11Б27П, диаметром 15 мм | D35: шт. | E35: 13 | F35: 25.14 | J35: 327
A36: 13 | B36: ТСЦ-302-1832 | C36: Кран шаровой муфтовый 11Б27П, диаметром 20 мм | D36: шт. | E36: 2 | F36: 39.32 | J36: 79
A37: 14 | B37: ФССЦ-302-1306 | C37: Вентили проходные муфтовые 15Б1БК для воды и пара давлением 1,6 МПа (16 кгс/см2), диаметром 32 мм КОЭФ. К ПОЗИЦИИ: Проведение расценок ФЕР к территориальному уровню (Письмо УРЦЦС Ц-297 от 12.04.2011) ОЗП=1,41; ЭМ=1,242; ЗПМ=1,41; МАТ=1,052 | D37: шт. | E37: 2 | F37: 102.63 | J37: 205
A38: 15 | B38: ТЕР16-07-003-03 | C38: Врезка в действующие внутренние сети трубопроводов отопления и водоснабжения диаметром 25 мм | D38: 1 врезка | E38: 4 | F38: 127.66 | G38: 62.31 | H38: 5.56 | J38: 511 | K38: 249 | L38: 22 | N38: 4.46 | O38: 17.84
A39: 16 | B39: ТЕР18-07-001-02 | C39: Установка манометров с трехходовым краном | D39: 1 компл. | E39: 1 | F39: 244.31 | G39: 3.07 | J39: 244 | K39: 3 | N39: 0.22 | O39: 0.22
A40: 17 | B40: ТЕР16-06-005-01 | C40: Установка счетчиков (водомеров) диаметром до 40 мм | D40: 1 счетчик (водомер) | E40: 1 | F40: 7.47 | G40: 5.43 | H40: 1.09 | J40: 7 | K40: 5 | L40: 1 | N40: 0.41 | O40: 0.41
A41: Уд | B41: 1. 301-3165 | C41: Счетчики (водомеры) крыльчатые диаметром 32 мм | D41: шт. | E41: 1 1 | F41: 1258.9 | J41: 1258.9
A42: 18 | B42: ТСЦ-301-3182 | C42: Счетчики (водомеры) крыльчатые диаметром 20 мм | D42: шт. | E42: 1 | F42: 214.47 | J42: 214
A43: 19 | B43: ТЕР18-06-007-02 | C43: Установка фильтров диаметром 32 мм | D43: 10 фильтров | E43: 0.1 | F43: 6207.34 | G43: 108.39 | H43: 62.45 | I43: 0.55 | J43: 621 | K43: 11 | L43: 6 | N43: 8.18 | O43: 0.82 | P43: 0.03
A44: 20 | B44: ТСЦ-301-1312 | C44: Фильтр магнитный муфтовый ФММ-32 | D44: шт. | E44: 1 | F44: 361.43 | J44: 361
A45: 21 | B45: ТСЦ-302-1231 | C45: Переход ф32х20 мм | D45: шт. | E45: 2 | F45: 9.33 | J45: 19
A46: 22 | B46: ТЕРр65-6-10 прим. | C46: Установка гибких подводок | D46: 100 приборов | E46: 0.09 | F46: 4008.14 | G46: 669.67 | H46: 7.47 | I46: 0.78 | J46: 361 | K46: 60 | L46: 1 | N46: 52.4 | O46: 4.72 | P46: 0.05
A47: 23 | B47: ТЕР16-07-005-01 | C47: Гидравлическое испытание трубопроводов систем отопления, водопровода и горячего водоснабжения диаметром до 50 мм | D47: 100 м | E47: 0.27 | F47: 104.4 | G47: 82.16 | H47: 15.29 | J47: 28 | K47: 22 | L47: 4 | N47: 5.01 | O47: 1.35
A48: Раздел 3. Система К1.
A49: 24 | B49: ТЕР16-04-001-02 прим. | C49: Прокладка трубопроводов канализации из полиэтиленовых труб высокой плотности диаметром 110 мм | D49: 100 м | E49: 0.055 | F49: 8610.79 | G49: 860.55 | H49: 36.81 | I49: 1.09 | J49: 474 | K49: 47 | L49: 2 | N49: 61.6 | O49: 3.39 | P49: 0.06
A50: 25 | B50: ТСЦ-301-1098 | C50: Хомуты для крепления канализационных и водосточных пластмассовых трубопроводов, диаметром 110 мм | D50: т | E50: 0.002 | F50: 36386 | J50: 73
A51: 26 | B51: ТЕР16-04-001-01 | C51: Прокладка трубопроводов канализации из полиэтиленовых труб высокой плотности диаметром 50 мм | D51: 100 м | E51: 0.04 | F51: 5197.98 | G51: 897.43 | H51: 15.84 | I51: 0.36 | J51: 208 | K51: 36 | L51: 1 | N51: 64.24 | O51: 2.57 | P51: 0.02
A52: 27 | B52: ТСЦ-301-1097 | C52: Хомуты для крепления канализационных и водосточных пластмассовых трубопроводов, диаметром 50 мм | D52: т | E52: 0.001 | F52: 29302 | J52: 29
A53: 28 | B53: ТЕР17-01-001-14 | C53: Установка умывальников одиночных с подводкой холодной и горячей воды | D53: 10 компл. | E53: 0.2 | F53: 407.19 | G53: 293.36 | H53: 29.83 | I53: 2.03 | J53: 81 | K53: 59 | L53: 6 | N53: 21.65 | O53: 4.33 | P53: 0.13 | Q53: 0.03
A54: 29 | B54: ТСЦ-301-0758 прим. | C54: Умывальник керамический с краном настольным, кронштейнами, сифоном бутылочным латунным и выпуском, овальные со скрытыми установочными поверхностями без спинки | D54: компл. | E54: 2 | F54: 205.57 | J54: 411
A55: 30 | B55: ТЕР17-01-003-01 | C55: Установка унитазов с бачком непосредственно присоединенным | D55: 10 компл. | E55: 0.3 | F55: 5639.05 | G55: 330.18 | H55: 56.04 | I55: 5 | J55: 1692 | K55: 99 | L55: 17 | M55: 2 | N55: 24.64 | O55: 7.39 | P55: 0.32 | Q55: 0.1
A56: 31 | B56: ТСЦ-101-2450 | C56: Манжеты резиновые к унитазу | D56: шт. | E56: 3 | F56: 3.09 | J56: 9
A57: 32 | B57: ТЕР17-01-004-01 | C57: Установка писсуаров настенных с краном смывным. | D57: 10 компл. | E57: 0.3 | F57: 1657.79 | G57: 136.74 | H57: 20.98 | I57: 1.56 | J57: 497 | K57: 41 | L57: 6 | N57: 10.32 | O57: 3.1 | P57: 0.1 | Q57: 0.03
A58: 33 | B58: ТЕР17-01-001-16 | C58: Установка биде со смесителем. | D58: 10 компл. | E58: 0.1 | F58: 7001.19 | G58: 409.89 | H58: 41.84 | I58: 2.03 | J58: 700 | K58: 41 | L58: 4 | N58: 30.25 | O58: 3.03 | P58: 0.13 | Q58: 0.01
A59: 34 | B59: ТЕР16-01-003-03 | C59: Установка фасонных частей чугунных напорных диаметром 100 мм | D59: 1 т | E59: 0.016 | F59: 1150.25 | G59: 393.87 | H59: 145.14 | I59: 6.19 | J59: 18 | K59: 6 | L59: 2 | N59: 31.97 | O59: 0.51 | P59: 0.34 | Q59: 0.01
A60: Уд | B60: 1. 103-0746 | C60: Фасонные чугунные соединительные части к чугунным напорным трубам наружным диаметром 50-100 мм | D60: т | E60: 1 0,016 | F60: 10659.94 | J60: 170.56
A61: 35 | B61: ТСЦ-103-0090 | C61: Тройники прямые из ковкого чугуна с цилиндрической резьбой с максимальным условным проходом 100 мм | D61: 10 шт. | E61: 0.2 | F61: 983.07 | J61: 197
A62: 36 | B62: ТСЦ-103-0936 | C62: Муфты диаметром 100 мм | D62: шт. | E62: 2 | F62: 31.72 | J62: 63
A63: 37 | B63: ТЕР17-01-001-23 | C63: Установка трапов диаметром 100 мм | D63: 10 компл. | E63: 0.1 | F63: 188.61 | G63: 118.83 | H63: 24.77 | I63: 1.56 | J63: 19 | K63: 12 | L63: 2 | N63: 8.77 | O63: 0.88 | P63: 0.1 | Q63: 0.01
A64: Уд | B64: 1. 301-0637 | C64: Трапы чугунные эмалированные с прямым отводом, с решеткой и резиновой пробкой Т-100М размером 355х200х142 мм, малые | D64: компл. | E64: 10 1 | F64: 212.84 | J64: 212.84
A65: 38 | B65: ТСЦ-301-3304 прим. | C65: Трап сливной диаметром 100 мм | D65: шт. | E65: 1 | F65: 50.49 | J65: 50
A66: Итого прямые затраты по смете в ценах 2001г. | J66: 12234 | K66: 1661 | L66: 186 | M66: 2 | O66: 126.27 | Q66: 0.3
A67: Итого прямые затраты по смете с учетом коэффициентов к итогам | J67: 12912 | K67: 2247 | L67: 278 | M67: 4 | O67: 162.78 | Q67: 0.4
A68: В том числе, справочно:
A69: Районный к-т 4,3% (Поз. 1-9, 11-13, 15-21, 23-38, 22) | J69: 72 | K69: 71
A70: При ремонте и реконструкции зданий и сооружений работы, аналогичные технологическим процессам в новом строительстве ОЗП=1,15; ЭМ=1,25; ЗПМ=1,25; ТЗ=1,15; ТЗМ=1,25 (Поз. 7-9, 11-13, 15-21, 23-38) | J70: 249 | K70: 203 | L70: 46 | O70: 14.412 | Q70: 0.0525
A71: Условия производства работ ОЗП=1,2; ЭМ=1,2; ЗПМ=1,2; ТЗ=1,2; ТЗМ=1,2 (Поз. 7-9, 11-13, 15-21, 23-38) | J71: 357 | K71: 311 | L71: 46 | M71: 1 | O71: 22.098 | Q71: 0.052
A72: Накладные расходы | J72: 2695
A73: В том числе, справочно:
A74: 74% ФОТ (от 317) (Поз. 1-6) | J74: 235
A75: 103% ФОТ (от 63) (Поз. 22) | J75: 65
A76: 128% ФОТ (от 1871) (Поз. 7-9, 11-13, 15-21, 23-38) | J76: 2395
A77: Сметная прибыль | J77: 1750
A78: В том числе, справочно:
A79: 50% ФОТ (от 317) (Поз. 1-6) | J79: 159
A80: 60% ФОТ (от 63) (Поз. 22) | J80: 38
A81: 83% ФОТ (от 1871) (Поз. 7-9, 11-13, 15-21, 23-38) | J81: 1553
A82: Итоги по смете:
A83: Внутренние санитарно-технические работы: демонтаж и разборка (ремонтно-строительные) | J83: 731 | O83: 25.47 | Q83: 0.09
A84: Сантехнические работы - внутренние (трубопроводы, водопровод, канализация, отопление, газоснабжение, вентиляция и кондиционирование воздуха) | J84: 15862 | O84: 132.59 | Q84: 0.31
A85: Материалы для строительных работ | J85: 297
A86: Внутренние санитарно-технические работы: смена труб, санитарно-технических приборов и другие работы (ремонтно-строительные) | J86: 467 | O86: 4.72
A87: Итого | J87: 17357 | O87: 162.78 | Q87: 0.4
A88: В том числе:
A89: Материалы | J89: 10387
A90: Машины и механизмы | J90: =278-M67 -> 274
A91: ФОТ | J91: 2251
A92: Накладные расходы | J92: 2695
A93: Сметная прибыль | J93: 1750
A94: ВСЕГО по смете | J94: 17357 | O94: 162.78 | Q94: 0.4
B96: Примечание: материал от разборки, пригодный для дальнейшего использования, передается балансодержателю по акту.

Sheet 25074
A1: СОГЛАСОВАНО: | E1: ФГУП "Комбинат "Электрохимприбор" | M1: УТВЕРЖДАЮ:
G2: (наименование стройки) | M2: Зам. генерального директора
A3: _____________________________ | M3: Е.В.Гордеев
A4: " _____ " ________________ 2013г. | G4: ЛОКАЛЬНЫЙ СМЕТНЫЙ РАСЧЕТ № 25074
G5: (локальная смета) | M5: "______ " __________2013 г.
C7: на | D7: Реконструкцию помещений для отдела 031. Город ул.Мамина-Сибиряка 3
D8: (правое крыло,первый этаж) (Инв.№ 4900006) Раздел: Кондиционирование.
G9: (наименование работ и затрат, наименование объекта)
D11: Основание: Проект № 24716-13-ОВ
D12: Сметная стоимость _______________________________________________________________________________________________ | J12: ___________________________165,563 | L12: тыс. руб.
D13: строительных работ _______________________________________________________________________________________________ | J13: _______________________________________________________________________________________________78,335 | L13: тыс. руб.
D14: монтажных работ _______________________________________________________________________________________________ | J14: _______________________________________________________________________________________________4,213 | L14: тыс. руб.
D15: оборудования _______________________________________________________________________________________________ | J15: _______________________________________________________________________________________________83,015 | L15: тыс. руб.
D16: Средства на оплату труда _______________________________________________________________________________________________ | J16: ___________________________17,479 | L16: тыс. руб.
D17: Сметная трудоемкость _______________________________________________________________________________________________ | J17: _______________________________________________________________________________________________1260,95 | L17: чел.час
D18: Материалы ___________________________________________________________ | J18: =K85/1000 -> 25.464 | L18: тыс.руб.
D19: Составлен(а) в базовых ценах 2001г. в редакции 2009г.
A21: № пп | B21: Обоснова-ние | C21: Наименование | D21: Ед. изм. | E21: Кол. | F21: Стоимость единицы, руб. | J21: Общая стоимость, руб. | O21: Т/з осн. раб.на ед. | P21: Т/з осн. раб. Всего | Q21: Общая масса обору-дования, т
F22: Всего | G22: В том числе | J22: Обору-дование | K22: Всего | L22: В том числе
G23: Осн.З/п | H23: Эк.Маш | I23: З/пМех | L23: Осн.З/п | M23: Эк.Маш | N23: З/пМех
A24: 1 | B24: 2 | C24: 3 | D24: 4 | E24: 5 | F24: 6 | G24: 7 | H24: 8 | I24: 9 | J24: 10 | K24: 11 | L24: 12 | M24: 13 | N24: 14 | O24: 15 | P24: 16 | Q24: 17
A25: Раздел 1. Кондиционирование.
A26: 1 | B26: ТЕР20-06-002-01 прим. | C26: Установка наружного блока сплит-системы Panaconik CS/CU-E7 JKDW | D26: 1 блок | E26: 8 | F26: 965.62 | G26: 565.61 | H26: 115.2 | I26: 4 | K26: 7725 | L26: 4525 | M26: 922 | N26: 32 | O26: 43.71 | P26: 349.68
A27: 2 | B27: ТЕР20-06-004-01 прим. | C27: Установка внутреннего блока сплит-системы Panaconik CS/CU-E7 JKDW | D27: 1 блок | E27: 8 | F27: 876.98 | G27: 172.22 | H27: 40.4 | I27: 2.18 | K27: 7016 | L27: 1378 | M27: 323 | N27: 17 | O27: 12.71 | P27: 101.68
A28: 3 | B28: Цена поставщика. | C28: Стоимость сплит-системы настенного типа Panaconik CS/CU-E7 JKDW | D28: комплект | E28: 8 | F28: 26983,00/1,18/4,19*1,012*1,01*1,03 | J28: 45965 | K28: 45965
A29: 4 | B29: ТЕРм12-01-105-01 | C29: Трубопровод из медных труб | D29: 100 м | E29: 0.32 | F29: 1654.94 | G29: 1196.47 | H29: 359.37 | I29: 25.11 | K29: 530 | L29: 383 | M29: 115 | N29: 8 | O29: 88.3 | P29: 28.26
A30: 5 | B30: ФССЦ-507-2958 | C30: Трубы медные КОЭФ. К ПОЗИЦИИ: Проведение расценок ФЕР к территориальному уровню (Письмо УРЦЦС Ц-297 от 12.04.2011) ОЗП=1,41; ЭМ=1,242; ЗПМ=1,41; МАТ=1,052 | D30: м | E30: 32 | F30: 25.53 | K30: 817
A31: 6 | B31: ТЕРм12-01-163-01 | C31: Прокладка трубки дренажной | D31: 10 м | E31: 3.2 | F31: 180.8 | G31: 147.7 | H31: 25.75 | I31: 0.18 | K31: 579 | L31: 473 | M31: 82 | N31: 1 | O31: 10.9 | P31: 34.88
A32: 7 | B32: ФССЦ-301-1348 прим. | C32: Трубки дренажные для систем кондиционирования КОЭФ. К ПОЗИЦИИ: Проведение расценок ФЕР к территориальному уровню (Письмо УРЦЦС Ц-297 от 12.04.2011) ОЗП=1,41; ЭМ=1,242; ЗПМ=1,41; МАТ=1,052 | D32: м | E32: 32 | F32: 7.5 | K32: 240
A33: 8 | B33: ТЕР26-01-017-01 | C33: Изоляция трубопроводов изделиями из вспененного полиэтилена («Термофлекс») трубками | D33: 10 м | E33: 3.2 | F33: 1189.41 | G33: 49.17 | H33: 28.25 | K33: 3806 | L33: 157 | M33: 90 | O33: 3.52 | P33: 11.26
A34: 9 | B34: ТЕР20-02-019-01 прим. | C34: Установка кронштейнов | D34: 100 кг изделия | E34: 0.24 | F34: 107.98 | G34: 77.9 | H34: 14.44 | K34: 26 | L34: 19 | M34: 3 | O34: 6.02 | P34: 1.44
A35: Уд | B35: 1. 101-1714 | C35: Болты с гайками и шайбами строительные | D35: т | E35: 0,0007 0,000168 | F35: 16800 | K35: 2.82
A36: Уд | B36: 2. 301-1193 | C36: Кронштейны и подставки под оборудование из сортовой стали | D36: кг | E36: 100 24 | F36: 10.36 | K36: 248.64
A37: 10 | B37: ФССЦ-111-0079 | C37: Узел крепления кронштейна окрашенный КОЭФ. К ПОЗИЦИИ: Проведение расценок ФЕР к территориальному уровню (Письмо УРЦЦС Ц-297 от 12.04.2011) ОЗП=1,41; ЭМ=1,242; ЗПМ=1,41; МАТ=1,052 | D37: шт. | E37: 8 | F37: 135.49 | K37: 1084
A38: 11 | B38: ТЕР12-01-010-01 прим. | C38: Устройство защитного козырька из листовой оцинкованной стали над внешним блоком | D38: 100 м2 | E38: 0.019 | F38: 15322.3 | G38: 1354.13 | H38: 58.83 | I38: 3.64 | K38: 291 | L38: 26 | M38: 1 | O38: 112.75 | P38: 2.14
A39: 12 | B39: ТСЦ-103-0057 | C39: Трубы стальные водогазопроводные диаметр условного прохода 90 мм, (Для гильзы) | D39: м | E39: 8 | F39: 112.99 | K39: 904
A40: 13 | B40: ТЕР46-03-009-08 | C40: Пробивка в кирпичных стенах отверстий круглых диаметром до 50 мм при толщине стен до 51 см | D40: 100 шт. | E40: 0.08 | F40: 5264.08 | G40: 1256.86 | H40: 4007.22 | I40: 443.92 | K40: 421 | L40: 101 | M40: 320 | N40: 36 | O40: 97.13 | P40: 7.77
A41: 14 | B41: ТЕРр69-4-1 | C41: Заделка отверстий в местах прохода трубопроводов в стенах и перегородках оштукатуренных | D41: 100 отверстий | E41: 0.08 | F41: 1343.1 | G41: 944.71 | H41: 2.02 | I41: 0.78 | K41: 107 | L41: 76 | O41: 78.66 | P41: 6.29
A42: 15 | B42: ТЕР20-06-002-01 прим. | C42: Установка наружного блока сплит-системы Panaconik CS/CU-E9 JKDW | D42: 1 блок | E42: 6 | F42: 965.62 | G42: 565.61 | H42: 115.2 | I42: 4 | K42: 5794 | L42: 3394 | M42: 691 | N42: 24 | O42: 43.71 | P42: 262.26
A43: 16 | B43: ТЕР20-06-004-01 прим. | C43: Установка внутреннего блока сплит-системы Panaconik CS/CU-E9 JKDW | D43: 1 блок | E43: 6 | F43: 876.98 | G43: 172.22 | H43: 40.4 | I43: 2.18 | K43: 5262 | L43: 1033 | M43: 242 | N43: 13 | O43: 12.71 | P43: 76.26
A44: 17 | B44: Цена поставщика. | C44: Стоимость сплит-системы настенного типа Panaconik CS/CU-E9 JKDW | D44: комплект | E44: 6 | F44: 29000,00/1,18/4,19*1,012*1,01*1,03 | J44: 37050 | K44: 37050
A45: 18 | B45: ТЕРм12-01-105-01 | C45: Трубопровод из медных труб | D45: 100 м | E45: 0.24 | F45: 1654.94 | G45: 1196.47 | H45: 359.37 | I45: 25.11 | K45: 397 | L45: 287 | M45: 86 | N45: 6 | O45: 88.3 | P45: 21.19
A46: 19 | B46: ФССЦ-507-2958 | C46: Трубы медные КОЭФ. К ПОЗИЦИИ: Проведение расценок ФЕР к территориальному уровню (Письмо УРЦЦС Ц-297 от 12.04.2011) ОЗП=1,41; ЭМ=1,242; ЗПМ=1,41; МАТ=1,052 | D46: м | E46: 24 | F46: 25.53 | K46: 613
A47: 20 | B47: ТЕРм12-01-163-01 | C47: Прокладка трубки дренажной | D47: 10 м | E47: 2.4 | F47: 180.8 | G47: 147.7 | H47: 25.75 | I47: 0.18 | K47: 434 | L47: 354 | M47: 62 | O47: 10.9 | P47: 26.16
A48: 21 | B48: ФССЦ-301-1348 прим. | C48: Трубки дренажные для систем кондиционирования КОЭФ. К ПОЗИЦИИ: Проведение расценок ФЕР к территориальному уровню (Письмо УРЦЦС Ц-297 от 12.04.2011) ОЗП=1,41; ЭМ=1,242; ЗПМ=1,41; МАТ=1,052 | D48: м | E48: 24 | F48: 7.5 | K48: 180
A49: 22 | B49: ТЕР26-01-017-01 | C49: Изоляция трубопроводов изделиями из вспененного полиэтилена («Термофлекс») трубками | D49: 10 м | E49: 2.4 | F49: 1189.41 | G49: 49.17 | H49: 28.25 | K49: 2855 | L49: 118 | M49: 68 | O49: 3.52 | P49: 8.45
A50: 23 | B50: ТЕР20-02-019-01 прим. | C50: Установка кронштейнов | D50: 100 кг изделия | E50: 0.18 | F50: 107.98 | G50: 77.9 | H50: 14.44 | K50: 19 | L50: 14 | M50: 3 | O50: 6.02 | P50: 1.08
A51: Уд | B51: 1. 101-1714 | C51: Болты с гайками и шайбами строительные | D51: т | E51: 0,0007 0,000126 | F51: 16800 | K51: 2.12
A52: Уд | B52: 2. 301-1193 | C52: Кронштейны и подставки под оборудование из сортовой стали | D52: кг | E52: 100 18 | F52: 10.36 | K52: 186.48
A53: 24 | B53: ФССЦ-111-0079 | C53: Узел крепления кронштейна окрашенный КОЭФ. К ПОЗИЦИИ: Проведение расценок ФЕР к территориальному уровню (Письмо УРЦЦС Ц-297 от 12.04.2011) ОЗП=1,41; ЭМ=1,242; ЗПМ=1,41; МАТ=1,052 | D53: шт. | E53: 6 | F53: 135.49 | K53: 813
A54: 25 | B54: ТЕР12-01-010-01 прим. | C54: Устройство защитного козырька из листовой оцинкованной стали над внешним блоком | D54: 100 м2 | E54: 0.014 | F54: 15322.3 | G54: 1354.13 | H54: 58.83 | I54: 3.64 | K54: 215 | L54: 19 | M54: 1 | O54: 112.75 | P54: 1.58
A55: 26 | B55: ТСЦ-103-0057 | C55: Трубы стальные водогазопроводные диаметр условного прохода 90 мм, (Для гильзы) | D55: м | E55: 6 | F55: 112.99 | K55: 678
A56: 27 | B56: ТЕР46-03-009-08 | C56: Пробивка в кирпичных стенах отверстий круглых диаметром до 50 мм при толщине стен до 51 см | D56: 100 шт. | E56: 0.06 | F56: 5264.08 | G56: 1256.86 | H56: 4007.22 | I56: 443.92 | K56: 316 | L56: 75 | M56: 241 | N56: 27 | O56: 97.13 | P56: 5.83
A57: 28 | B57: ТЕРр69-4-1 | C57: Заделка отверстий в местах прохода трубопроводов в стенах и перегородках оштукатуренных | D57: 100 отверстий | E57: 0.06 | F57: 1343.1 | G57: 944.71 | H57: 2.02 | I57: 0.78 | K57: 81 | L57: 57 | O57: 78.66 | P57: 4.72
A58: Итого прямые затраты по смете в ценах 2001г. | K58: 124218 | L58: 12489 | M58: 3250 | N58: 164 | P58: 950.93
A59: Итого прямые затраты по смете с учетом коэффициентов к итогам | K59: 130174 | L59: 17261 | M59: 4434 | N59: 218 | P59: 1260.95
A60: В том числе, справочно:
A61: Районный к-т 4,3% (Поз. 1-2, 9, 12, 15-16, 23, 26, 5, 10, 14, 19, 24, 28, 8, 22, 11, 25, 13, 27, 4, 6, 18, 20) | K61: 546 | L61: 537 | M61: 7 | N61: 7
A62: При ремонте и реконструкции зданий и сооружений работы, аналогичные технологическим процессам в новом строительстве ОЗП=1,15; ЭМ=1,25; ЗПМ=1,25; ТЗ=1,15; ТЗМ=1,25 (Поз. 1-2, 9, 12, 15-16, 23, 26, 8, 22, 11, 25) | K62: 2259 | L62: 1671 | M62: 587 | N62: 22 | P62: 122.3745
A63: Условия производства работ ОЗП=1,2; ЭМ=1,2; ЗПМ=1,2; ТЗ=1,2; ТЗМ=1,2 (Поз. 1-2, 9, 12, 15-16, 23, 26, 8, 22, 11, 25) | K63: 3151 | L63: 2563 | M63: 587 | N63: 23 | P63: 187.642
A64: Накладные расходы | K64: 21386
A65: В том числе, справочно:
A66: 78% ФОТ (от 139) (Поз. 5, 10, 14, 19, 24, 28) | K66: 108
A67: 80% ФОТ (от 1577) (Поз. 4, 6, 18, 20) | K67: 1262
A68: 100% ФОТ (от 396) (Поз. 8, 22) | K68: 396
A69: 110% ФОТ (от 250) (Поз. 13, 27) | K69: 275
A70: 120% ФОТ (от 65) (Поз. 11, 25) | K70: 78
A71: 128% ФОТ (от 15052) (Поз. 1-2, 9, 12, 15-16, 23, 26) | K71: 19267
A72: Сметная прибыль | K72: 14003
A73: В том числе, справочно:
A74: 50% ФОТ (от 139) (Поз. 5, 10, 14, 19, 24, 28) | K74: 70
A75: 60% ФОТ (от 1577) (Поз. 4, 6, 18, 20) | K75: 946
A76: 65% ФОТ (от 65) (Поз. 11, 25) | K76: 42
A77: 70% ФОТ (от 646) (Поз. 8, 22, 13, 27) | K77: 452
A78: 83% ФОТ (от 15052) (Поз. 1-2, 9, 12, 15-16, 23, 26) | K78: 12493
A79: Итоги по смете:
A80: Итого Строительные работы | K80: 78335 | P80: 1150.46
A81: Итого Монтажные работы | K81: 4213 | P81: 110.49
A82: Итого Оборудование | K82: 83015
A83: Итого | K83: 165563 | P83: 1260.95
A84: В том числе:
A85: Материалы | K85: 25464
A86: Машины и механизмы | K86: =4434-N59 -> 4216
A87: ФОТ | K87: 17479
A88: Оборудование | K88: 83015
A89: Накладные расходы | K89: 21386
A90: Сметная прибыль | K90: 14003
A91: ВСЕГО по смете | K91: 165563 | P91: 1260.95

Sheet 25079
A1: СОГЛАСОВАНО: | E1: ФГУП "Комбинат "Электрохимприбор" | M1: УТВЕРЖДАЮ:
G2: (наименование стройки) | M2: Зам. генерального директора
A3: _____________________________ | M3: Е.В.Гордеев
A4: " _____ " ________________ 2013г. | G4: ЛОКАЛЬНЫЙ СМЕТНЫЙ РАСЧЕТ № 25079
G5: (локальная смета) | M5: "______ " __________2013 г.
C7: на | D7: Реконструкцию помещений для отдела 031. Город ул.Мамина-Сибиряка 3
D8: (правое крыло,первый этаж) (Инв.№ 4900006) Раздел: Отопление
G9: (наименование работ и затрат, наименование объекта)
D11: Основание: Проект № 24715-13-ОВ
D12: Сметная стоимость строительных работ _______________________________________________________________________________________________ | J12: ___________________________23,518 | L12: тыс. руб.
D13: Средства на оплату труда _______________________________________________________________________________________________ | J13: ___________________________1,392 | L13: тыс. руб.
D14: Сметная трудоемкость _______________________________________________________________________________________________ | J14: _______________________________________________________________________________________________107,45 | L14: чел.час
D15: Материалы ___________________________________________________________ | J15: =J69/1000 -> 19.305 | L15: тыс.руб.
D16: Составлен(а) в базовых ценах 2001г. в редакции 2009г.
A18: № пп | B18: Обоснование | C18: Наименование | D18: Ед. изм. | E18: Кол. | F18: Стоимость единицы, руб. | J18: Общая стоимость, руб. | N18: Т/з осн. раб.на ед. | O18: Т/з осн. раб. Всего | P18: Т/з мех. на ед. | Q18: Т/з мех. Всего
F19: Всего | G19: В том числе | J19: Всего | K19: В том числе
G20: Осн.З/п | H20: Эк.Маш | I20: З/пМех | K20: Осн.З/п | L20: Эк.Маш | M20: З/пМех
A21: 1 | B21: 2 | C21: 3 | D21: 4 | E21: 5 | F21: 6 | G21: 7 | H21: 8 | I21: 9 | J21: 10 | K21: 11 | L21: 12 | M21: 13 | N21: 14 | O21: 15 | P21: 16 | Q21: 17
A22: Раздел 1. Разборка.
A23: 1 | B23: ТЕРр65-19-1 | C23: Разборка радиаторов весом до 80 кг | D23: 100 шт. | E23: 0.27 | F23: 1310.17 | G23: 1219.9 | H23: 90.27 | I23: 34.99 | J23: 354 | K23: 330 | L23: 24 | M23: 9 | N23: 110 | O23: 29.7 | P23: 2.24 | Q23: 0.6
A24: 2 | B24: ТЕРр65-14-1 | C24: Разборка трубопроводов из водогазопроводных труб в зданиях и сооружениях на резьбе диаметром до 32 мм | D24: 100 м | E24: 0.03 | F24: 453.98 | G24: 453.98 | J24: 14 | K24: 14 | N24: 37.8 | O24: 1.13
A25: Раздел 2. Отопление.
A26: 3 | B26: ТЕР16-02-001-01 | C26: Прокладка трубопроводов отопления из стальных водогазопроводных неоцинкованных труб диаметром 15 мм | D26: 100 м | E26: 0.05 | F26: 3897.38 | G26: 446.74 | H26: 69.04 | I26: 2.73 | J26: 195 | K26: 22 | L26: 3 | N26: 32.97 | O26: 1.65 | P26: 0.15 | Q26: 0.01
A27: 4 | B27: ТЕР18-03-001-02 | C27: Установка радиаторов стальных | D27: 100 кВт | E27: 0.416 | F27: 2426.28 | G27: 828.53 | H27: 270.15 | I27: 20.22 | J27: 1009 | K27: 345 | L27: 112 | M27: 8 | N27: 65.6 | O27: 27.29 | P27: 1.28 | Q27: 0.53
A28: Уд | B28: 1. 301-0559 | C28: Радиаторы стальные панельные РСВ2-1, РСВ2-6 однорядные | D28: кВт | E28: 100 41,6 | F28: 179.38 | J28: 7462.21
A29: 5 | B29: Цена поставщика. | C29: Стоимость радиатора Термал 500 | D29: секция | E29: 249 | F29: 59,08 380,00/1,18/5,56*1,02 | J29: 14711
A30: 6 | B30: ТСЦ-101-2201 | C30: Дюбели распорные полиэтиленовые | D30: 10 шт. | E30: 0.4 | F30: 1.73 | J30: 1
A31: 7 | B31: ТЕР18-07-001-05 | C31: Установка кранов и вентиля | D31: 1 компл. | E31: 50 | F31: 2.68 | G31: 1.73 | J31: 134 | K31: 87 | N31: 0.12 | O31: 6
A32: Уд | B32: 1. 302-0474 | C32: Краны для спуска воздуха СТД 7073В, латунные | D32: компл. | E32: 1 50 | F32: 12.61 | J32: 630.5
A33: 8 | B33: Цена поставщика. | C33: Стоимость вентиля радиаторного ф15 | D33: шт | E33: 25 | F33: 21,21 136,43/1,18/5,56*1,02 | J33: 530
A34: 9 | B34: ТСЦ-302-1831 прим. | C34: Кран шаровой муфтовый 11Б27П, диаметром 15 мм | D34: шт. | E34: 25 | F34: 25.14 | J34: 629
A35: 10 | B35: ТСЦ-302-1245 прим. | C35: Гайка проходная, резьба наружная 3/4",внутренняя 1/2" | D35: шт. | E35: 50 | F35: 19.8 | J35: 990
A36: 11 | B36: Цена поставщика. | C36: Стоимость гайки глухой 3/4 | D36: шт | E36: 50 | F36: 29,6 190,40/1,18/5,56*1,02 | J36: 1480
A37: 12 | B37: ТСЦ-302-1228 | C37: Соединения на сгоне стальные: переходы, диаметром до 15 мм | D37: шт. | E37: 50 | F37: 3.38 | J37: 169
A38: 13 | B38: ТЕР16-07-005-01 | C38: Гидравлическое испытание трубопроводов систем отопления, водопровода и горячего водоснабжения диаметром до 50 мм | D38: 100 м | E38: 0.05 | F38: 104.4 | G38: 82.16 | H38: 15.29 | J38: 5 | K38: 4 | L38: 1 | N38: 5.01 | O38: 0.25
A39: 14 | B39: ТЕР13-03-002-04 | C39: Огрунтовка металлических поверхностей за один раз грунтовкой ГФ-021 | D39: 100 м2 | E39: 0.006 | F39: 417.46 | G39: 79.65 | H39: 10.15 | I39: 0.16 | J39: 3 | N39: 5.31 | O39: 0.03 | P39: 0.01
A40: 15 | B40: ТЕР15-04-030-04 | C40: Масляная окраска металлических труб диаметром менее 50 мм и т.п., количество окрасок 2 | D40: 100 м2 | E40: 0.006 | F40: 1384.09 | G40: 886.83 | H40: 3.68 | I40: 0.16 | J40: 8 | K40: 5 | N40: 71.06 | O40: 0.43 | P40: 0.01
A41: 16 | B41: ТЕР22-06-001-01 прим. | C41: Промывка с дезинфекцией трубопроводов | D41: 1 км | E41: 0.332 | F41: 739.96 | G41: 680.97 | J41: 246 | K41: 226 | N41: 56.7 | O41: 18.82
A42: Итого прямые затраты по смете в ценах 2001г. | J42: 20478 | K42: 1033 | L42: 140 | M42: 17 | O42: 85.3 | Q42: 1.14
A43: Итого прямые затраты по смете с учетом коэффициентов к итогам | J43: 20879 | K43: 1371 | L43: 203 | M43: 21 | O43: 107.45 | Q43: 1.44
A44: В том числе, справочно:
A45: Районный к-т 4,3% (Поз. 1-13, 16) | J45: 45 | K45: 44 | L45: 1 | M45: 1
A46: При ремонте и реконструкции зданий и сооружений работы, аналогичные технологическим процессам в новом строительстве ОЗП=1,15; ЭМ=1,25; ЗПМ=1,25; ТЗ=1,15; ТЗМ=1,25 (Поз. 3-13, 15-16) | J46: 137 | K46: 108 | L46: 29 | M46: 2 | O46: 8.166 | Q46: 0.135
A47: Испытание систем отопления. (п. 1.18.16 Тех.часть) ОЗП=1,03; ЭМ=1,03; ЗПМ=1,03; ТЗ=1,03; ТЗМ=1,03 (Поз. 3-13) | J47: 21 | K47: 16 | L47: 4 | O47: 1.2141 | Q47: 0.0204
A48: Условия производства работ ОЗП=1,2; ЭМ=1,2; ЗПМ=1,2; ТЗ=1,2; ТЗМ=1,2 (Поз. 3-13, 15-16) | J48: 198 | K48: 169 | L48: 30 | M48: 2 | O48: 12.762 | Q48: 0.14
A49: Накладные расходы | J49: 1588
A50: В том числе, справочно:
A51: 74% ФОТ (от 368) (Поз. 1-2) | J51: 272
A52: 105% ФОТ (от 7) (Поз. 15) | J52: 7
A53: 128% ФОТ (от 692) (Поз. 3-13) | J53: 886
A54: 130% ФОТ (от 325) (Поз. 16) | J54: 423
A55: Сметная прибыль | J55: 1051
A56: В том числе, справочно:
A57: 50% ФОТ (от 368) (Поз. 1-2) | J57: 184
A58: 55% ФОТ (от 7) (Поз. 15) | J58: 4
A59: 83% ФОТ (от 692) (Поз. 3-13) | J59: 574
A60: 89% ФОТ (от 325) (Поз. 16) | J60: 289
A61: Итоги по смете:
A62: Внутренние санитарно-технические работы: демонтаж и разборка (ремонтно-строительные) | J62: 839 | O62: 30.83 | Q62: 0.6
A63: Сантехнические работы - внутренние (трубопроводы, водопровод, канализация, отопление, газоснабжение, вентиляция и кондиционирование воздуха) | J63: 21598 | O63: 50.02 | Q63: 0.84
A64: Защита строительных конструкций и оборудования от коррозии | J64: 3 | O64: 0.04
A65: Отделочные работы | J65: 21 | O65: 0.59
A66: Наружные сети водопровода, канализации, теплоснабжения, газопровода | J66: 1057 | O66: 25.97
A67: Итого | J67: 23518 | O67: 107.45 | Q67: 1.44
A68: В том числе:
A69: Материалы | J69: 19305
A70: Машины и механизмы | J70: =203-M43 -> 182
A71: ФОТ | J71: 1392
A72: Накладные расходы | J72: 1588
A73: Сметная прибыль | J73: 1051
A74: ВСЕГО по смете | J74: 23518 | O74: 107.45 | Q74: 1.44
B76: Примечание: материал от разборки, пригодный для дальнейшего использования, передается балансодержателю по акту.
B79: Начальник отд.078 _________________________Т.М.Ковязина | I79: Составил инженер-сметчик __________________ Н.А.Батаева
I80: 11.09.13г.
I81: Ведущий инженер отд.078____________________ В.В.Воронкова

Sheet 25081
A1: СОГЛАСОВАНО: | E1: ФГУП "Комбинат "Электрохимприбор" | M1: УТВЕРЖДАЮ:
G2: (наименование стройки) | M2: Зам. генерального директора
M3: Е.В.Гордеев
A4: _________________ | M4: _________________
A5: " _____ " ________________ 2013 г. | M5: "______ " __________2013 г.
G6: ЛОКАЛЬНЫЙ СМЕТНЫЙ РАСЧЕТ № 25081
G7: (локальная смета)
C9: на | D9: реконструкцию помещений для отдела 031. Город, ул.М-Сибиряка, 3. Инв.№ 4900006
D10: Раздел: Электрооборудование. Электроосвещение.
H11: (наименование работ и затрат, наименование объекта)
D13: Основание: проект № 24713-13-ЭМО
D14: Сметная стоимость _______________________________________________________________________________________________ | J14: ___________________________268,107 | L14: тыс. руб.
D15: строительных работ _______________________________________________________________________________________________ | J15: _______________________________________________________________________________________________3,498 | L15: тыс. руб.
D16: монтажных работ _______________________________________________________________________________________________ | J16: _______________________________________________________________________________________________264,609 | L16: тыс. руб.
D17: Средства на оплату труда _______________________________________________________________________________________________ | J17: ___________________________25,501 | L17: тыс. руб.
D18: Сметная трудоемкость _______________________________________________________________________________________________ | J18: _______________________________________________________________________________________________1510,97 | L18: чел.час
D19: Составлен(а) в базовых ценах 2001г. в редакции 2009г.
A21: № пп | B21: Обоснование | C21: Наименование | D21: Ед. изм. | E21: Кол. | F21: Стоимость единицы, руб. | J21: Общая стоимость, руб. | N21: Т/з осн. раб.на ед. | O21: Т/з осн. раб. Всего | P21: Т/з мех. на ед. | Q21: Т/з мех. Всего
F22: Всего | G22: В том числе | J22: Всего | K22: В том числе
G23: Осн.З/п | H23: Эк.Маш | I23: З/пМех | K23: Осн.З/п | L23: Эк.Маш | M23: З/пМех
A24: 1 | B24: 2 | C24: 3 | D24: 4 | E24: 5 | F24: 6 | G24: 7 | H24: 8 | I24: 9 | J24: 10 | K24: 11 | L24: 12 | M24: 13 | N24: 14 | O24: 15 | P24: 16 | Q24: 17
A25: Раздел 1. Демонтажные и строительные работы
A26: 1 | B26: ТЕРр67-4-5 | C26: Демонтаж светильников для люминесцентных ламп | D26: 100 шт. | E26: 0.8 | F26: 205.2 | G26: 201.98 | H26: 3.22 | I26: 1.25 | J26: 164 | K26: 162 | L26: 2 | M26: 1 | N26: 17.89 | O26: 14.31 | P26: 0.08 | Q26: 0.06
A27: 2 | B27: ТЕРр67-4-1 | C27: Демонтаж выключателей, розеток | D27: 100 шт. | E27: 0.68 | F27: 64.18 | G27: 64.18 | J27: 44 | K27: 44 | N27: 5.84 | O27: 3.97
A28: 3 | B28: ТЕРр67-3-1 | C28: Демонтаж кабеля | D28: 100 м | E28: 2.5 | F28: 106.34 | G28: 105.94 | H28: 0.4 | I28: 0.16 | J28: 266 | K28: 265 | L28: 1 | N28: 9.64 | O28: 24.1 | P28: 0.01 | Q28: 0.03
A29: 4 | B29: ТЕРм08-03-599-10 | C29: Демонтаж: щиток осветительный КОЭФ. К ПОЗИЦИИ: Демонтаж оборудования, которое не подлежит дальнейшему использованию (предназначено в лом) без разборки и резки ОЗП=0,3; ЭМ=0,3 к расх.; ЗПМ=0,3; МАТ=0 к расх.; ТЗ=0,3; ТЗМ=0,3 | D29: 1 шт. | E29: 1 | F29: 19.83 | G29: 17.48 | H29: 2.35 | I29: 0.11 | J29: 20 | K29: 18 | L29: 2 | N29: 1.25 | O29: 1.25 | P29: 0.01 | Q29: 0.01
A30: 5 | B30: ТЕРм08-03-572-07 | C30: Демонтаж: щит силовой КОЭФ. К ПОЗИЦИИ: Демонтаж оборудования, которое не подлежит дальнейшему использованию (предназначено в лом) без разборки и резки ОЗП=0,3; ЭМ=0,3 к расх.; ЗПМ=0,3; МАТ=0 к расх.; ТЗ=0,3; ТЗМ=0,3 | D30: 1 шт. | E30: 3 | F30: 58.28 | G30: 19.53 | H30: 38.75 | I30: 2.24 | J30: 175 | K30: 59 | L30: 116 | M30: 7 | N30: 1.4 | O30: 4.2 | P30: 0.12 | Q30: 0.36
A31: 6 | B31: ТЕРм08-03-526-02 | C31: Демонтаж: автомат в щите КОЭФ. К ПОЗИЦИИ: Демонтаж оборудования, которое не подлежит дальнейшему использованию (предназначено в лом) без разборки и резки ОЗП=0,3; ЭМ=0,3 к расх.; ЗПМ=0,3; МАТ=0 к расх.; ТЗ=0,3; ТЗМ=0,3 | D31: 1 шт. | E31: 1 | F31: 10.69 | G31: 9.33 | H31: 1.36 | I31: 0.05 | J31: 11 | K31: 10 | L31: 1 | N31: 0.7 | O31: 0.7
A32: 7 | B32: ТЕР46-02-007-01 | C32: Кладка отдельных участков кирпичных стен и заделка проемов в кирпичных стенах при объеме кладки в одном месте до 5 м3 (ниша) | D32: 1 м3 | E32: 0.6 | F32: 729.34 | G32: 168.39 | H32: 2.31 | J32: 438 | K32: 101 | L32: 1 | N32: 14.63 | O32: 8.78
A33: 8 | B33: ТЕР46-03-009-08 | C33: Пробивка в кирпичных стенах отверстий круглых диаметром до 50 мм при толщине стен до 51 см | D33: 100 шт. | E33: 0.11 | F33: 5264.08 | G33: 1256.86 | H33: 4007.22 | I33: 443.92 | J33: 579 | K33: 138 | L33: 441 | M33: 49 | N33: 97.13 | O33: 10.68 | P33: 28.42 | Q33: 3.13
A34: 9 | B34: ТЕР46-03-009-07 | C34: Пробивка в кирпичных стенах отверстий круглых диаметром до 50 мм при толщине стен до 38 см | D34: 100 шт. | E34: 0.2 | F34: 3944.42 | G34: 967.91 | H34: 2976.51 | I34: 329.74 | J34: 789 | K34: 194 | L34: 595 | M34: 66 | N34: 74.8 | O34: 14.96 | P34: 21.11 | Q34: 4.22
A35: 10 | B35: ТЕР46-03-009-06 | C35: Пробивка в кирпичных стенах отверстий круглых диаметром до 50 мм при толщине стен до 25 см | D35: 100 шт. | E35: 0.06 | F35: 2719.16 | G35: 657.74 | H35: 2061.42 | I35: 228.36 | J35: 163 | K35: 39 | L35: 124 | M35: 14 | N35: 50.83 | O35: 3.05 | P35: 14.62 | Q35: 0.88
A36: 11 | B36: ТЕР46-03-017-05 | C36: Заделка отверстий, гнезд и борозд в стенах и перегородках бетонных площадью до 0,1 м2 | D36: 1 м3 заделки | E36: 0.1 | F36: 2078.32 | G36: 857.51 | H36: 44.07 | J36: 208 | K36: 86 | L36: 4 | N36: 75.22 | O36: 7.52
A37: 12 | B37: ТЕРм08-02-374-01 | C37: Устройство ввода в здание в стальной трубе, провод сечением до 16 мм2 | D37: 1 шт. | E37: 13 | F37: 499.66 | G37: 47.48 | H37: 437.69 | I37: 50.96 | J37: 6496 | K37: 617 | L37: 5690 | M37: 662 | N37: 3.21 | O37: 41.73 | P37: 2.8 | Q37: 36.4
A38: 13 | B38: ТЕРм08-02-155-01 | C38: Герметизация проходов при вводе кабелей в помещения уплотнительной массой | D38: 1 проход кабеля | E38: 13 | F38: 22.58 | G38: 6.37 | J38: 294 | K38: 83 | N38: 0.47 | O38: 6.11
A39: Раздел 2. Освещение
A40: 14 | B40: Цена поставщика | C40: Светильник PRBLUX/R 418 /595/ HF 1019000210 | D40: шт. | E40: 77 | F40: 584,88 3050.50/1,18/4.42 | J40: 45036
A41: 15 | B41: Цена поставщика | C41: Светильник PRBLUX/S 418 HF 1045000160 | D41: шт. | E41: 11 | F41: 663,51 3460,62/1,18/4.42 | J41: 7299
A42: 16 | B42: ТЕРм08-03-594-17 | C42: Светильник в подвесных потолках, устанавливаемый на закладных деталях, количество ламп в светильнике до 4 | D42: 100 шт. | E42: 0.88 | F42: 4831.46 | G42: 2291.08 | H42: 2395.55 | I42: 918.65 | J42: 4252 | K42: 2016 | L42: 2108 | M42: 808 | N42: 164 | O42: 144.32 | P42: 58.55 | Q42: 51.52
A43: 17 | B43: Цена поставщика | C43: Светильник ЛБО54-18-112 Econom 1054118112 | D43: шт. | E43: 5 | F43: 136,11 893/1,18/5,56 | J43: 681
A44: 18 | B44: Цена поставщика | C44: Светильник NBT 11 F118 (серебристый) 1417000030 | D44: шт. | E44: 1 | F44: 417,04 2175,13/1,18/4.42 | J44: 417
A45: 19 | B45: ТЕРм08-03-594-01 | C45: Светильник отдельно устанавливаемый на штырях с количеством ламп в светильнике 1 | D45: 100 шт. | E45: 0.06 | F45: 5754.44 | G45: 1229.36 | H45: 1526.51 | I45: 520.21 | J45: 345 | K45: 74 | L45: 92 | M45: 31 | N45: 88 | O45: 5.28 | P45: 33.05 | Q45: 1.98
A46: 20 | B46: ТСЦ-509-0696 | C46: Лампы люминесцентные | D46: 10 шт. | E46: 38.8 | F46: 113.9 | J46: 4419
A47: 21 | B47: Цена поставщика | C47: Выключатель одноклавишный для открытой установки ВС20-1-0-ОБ серия "Октава" EVО10-K01-10-DC | D47: шт. | E47: 8 | F47: 4,81 31,57/1,18/5,56 | J47: 38
A48: 22 | B48: ТЕРм08-03-591-01 | C48: Выключатель одноклавишный неутопленного типа при открытой проводке | D48: 100 шт. | E48: 0.08 | F48: 758.17 | G48: 551.82 | H48: 27.07 | I48: 0.55 | J48: 61 | K48: 44 | L48: 2 | N48: 39.5 | O48: 3.16 | P48: 0.03
A49: 23 | B49: Цена поставщика | C49: Выключатель двухклавишный для открытой установки ВС20-2-0-ОБ серия "Октава" EVО20-K01-10-DC | D49: шт. | E49: 22 | F49: 5,28 34,62/1,18/5,56 | J49: 116
A50: 24 | B50: ТЕРм08-03-591-04 | C50: Выключатель двухклавишный неутопленного типа при открытой проводке | D50: 100 шт. | E50: 0.22 | F50: 801.67 | G50: 613.28 | H50: 29.99 | I50: 0.73 | J50: 176 | K50: 135 | L50: 7 | N50: 43.9 | O50: 9.66 | P50: 0.04 | Q50: 0.01
A51: 25 | B51: Цена поставщика | C51: Коробка КМ41219 распаячная для о/п 100х100х29мм белая (с контактной группой) | D51: шт. | E51: 30 | F51: 11,43 74,98/1,18/5,56 | J51: 343
A52: 26 | B52: Цена поставщика | C52: Коробка КМ40002 установочная для тв.стен d65x40мм (с саморезами) UKT10-065-040-000 | D52: шт. | E52: 20 | F52: 0,88 5,77/1,18/5,56 | J52: 18
A53: 27 | B53: ТСЦ-509-0213 прим. | C53: Клеммная колодка | D53: шт. | E53: 50 | F53: 16.64 | J53: 832
A54: 28 | B54: ТЕРм10-04-030-04 | C54: Монтаж: колодки клеммной на 20 клемм | D54: 1 шт. | E54: 50 | F54: 27.06 | G54: 11.51 | J54: 1353 | K54: 576 | N54: 1 | O54: 50
A55: 29 | B55: Цена поставщика | C55: РС12-3-ГБ Розетка двухместная с з/к (в сборе) "ЛЕГАТА" цвет:белый ERG21-K01-16-AC | D55: шт. | E55: 30 | F55: 10,46 68,63/1,18/5,56 | J55: 314
A56: 30 | B56: ТЕРм08-03-591-09 | C56: Розетка штепсельная утопленного типа при скрытой проводке | D56: 100 шт. | E56: 0.3 | F56: 696.25 | G56: 532.26 | H56: 11.69 | I56: 0.73 | J56: 209 | K56: 160 | L56: 4 | N56: 38.1 | O56: 11.43 | P56: 0.04 | Q56: 0.01
A57: 31 | B57: ТСЦ-503-0470 | C57: Розетка двухгнездная с заземлением брызгозащищенная | D57: шт. | E57: 3 | F57: 28.35 | J57: 85
A58: 32 | B58: ТЕРм08-03-591-10 | C58: Розетка штепсельная полугерметическая и герметическая | D58: 100 шт. | E58: 0.03 | F58: 1651.95 | G58: 1063.12 | H58: 76.69 | I58: 2.18 | J58: 50 | K58: 32 | L58: 2 | N58: 76.1 | O58: 2.28 | P58: 0.12
A59: Раздел 3. Кабель-канал электроустановочный 50х80мм
A60: 33 | B60: ФЕРм08-02-390-03 | C60: Короба пластмассовые: шириной до 120 мм КОЭФ. К ПОЗИЦИИ: Приведение расценок ФЕР к территориальному уровню (Письмо УРЦЦС Ц-297 от 12.04.2011) ОЗП=1,41; ЭМ=1,242; ЗПМ=1,41; МАТ=1,052 | D60: 100 м | E60: 1.3 | F60: 419.25 | G60: 272.61 | H60: 48.52 | I60: 0.17 | J60: 545 | K60: 354 | L60: 63 | N60: 20.33 | O60: 26.43 | P60: 0.01 | Q60: 0.01
A61: 34 | B61: Цена поставщика | C61: "Legrand" DLP Кабель-канал 80x50 010419 | D61: м | E61: 130 | F61: 52,59 345/1,18/5,56 | J61: 6837
A62: 35 | B62: Цена поставщика | C62: "Legrand" DLPПерегородка разделит. 50 мм 010582 | D62: м | E62: 160 | F62: 17,07 112/1,18/5,56 | J62: 2731
A63: 36 | B63: Цена поставщика | C63: "Legrand" DLP Накл.на стык короба 65мм 010691 | D63: шт | E63: 80 | F63: 4,73 31/1,18/5,56 | J63: 378
A64: 37 | B64: Цена поставщика | C64: "Legrand" DLPНакл. на стык крышки 65мм 010801 | D64: шт | E64: 80 | F64: 8,08 53/1,18/5,56 | J64: 646
A65: 38 | B65: Цена поставщика | C65: "Legrand" DLPУг.внутр. на выс.50мм 010602 | D65: шт | E65: 22 | F65: 41,61 273/1,18/5,56 | J65: 915
A66: 39 | B66: Цена поставщика | C66: "Legrand" DLPУг.плоск. д/ 50х80 бел. 010767 | D66: шт | E66: 16 | F66: 62,34 409/1,18/5,56 | J66: 997
A67: 40 | B67: Цена поставщика | C67: "Legrand" DLPФиксатор кабеля скоба 010681 | D67: шт | E67: 130 | F67: 6,86 45/1,18/5,56 | J67: 892
A68: 41 | B68: Цена поставщика | C68: "Legrand" DLPЗаглушка 80x35 010722 | D68: шт | E68: 40 | F68: 16,77 110/1,18/5,56 | J68: 671
A69: 42 | B69: Цена поставщика | C69: "Legrand" DLPОтвод Т ш.80мм 010735 | D69: шт | E69: 4 | F69: 82,61 542/1,18/5,56 | J69: 330
A70: Электроустановочные изделия к кабель-каналу DLP (крышка 65мм)
A71: 43 | B71: Цена поставщика | C71: "Legrand" Mosaic Розетка DLP немецкий стандарт 4Х2К+З красная с механической блокировкой 77424 | D71: шт | E71: 20 | F71: 169,49 1112/1,18/5,56 | J71: 3390
A72: 44 | B72: ТЕРм08-03-591-12 прим. | C72: Блоки с розетками на 4 модуля | D72: 100 шт. | E72: 0.2 | F72: 1151.02 | G72: 969.52 | H72: 20.46 | I72: 1.27 | J72: 230 | K72: 194 | L72: 4 | N72: 69.4 | O72: 13.88 | P72: 0.07 | Q72: 0.01
A73: 45 | B73: Цена поставщика | C73: "Legrand" Mosaic Суппорт/Рамка 8 М Dlp Кр.65 10958 | D73: шт | E73: 20 | F73: 37,5 246/1,18/5,56 | J73: 750
A74: 46 | B74: ТЕРм10-06-037-13 | C74: Крышка декоративная и другие мелкие изделия (без присоединения проводов) | D74: 100 шт. | E74: 0.2 | F74: 82.85 | G74: 78.98 | J74: 17 | K74: 16 | N74: 6.18 | O74: 1.24
A75: 47 | B75: Цена поставщика | C75: "Legrand" Роз. комп. Mosaic RJ45 Кат.5e UTP (1 мод.) LCS 76551 | D75: шт | E75: 20 | F75: 35,06 230/1,18/5,56 | J75: 701
A76: 48 | B76: Цена поставщика | C76: "Legrand" Mosaic Розетка DLP немецкий стандарт 2Х2К+З 77402 | D76: шт | E76: 14 | F76: 64,02 420/1,18/5,56 | J76: 896
A77: 49 | B77: ТЕРм08-03-591-08 | C77: Розетка штепсельная неутопленного типа при открытой проводке | D77: 100 шт. | E77: 0.34 | F77: 813.8 | G77: 603.5 | H77: 29.99 | I77: 0.73 | J77: 277 | K77: 205 | L77: 10 | N77: 43.2 | O77: 14.69 | P77: 0.04 | Q77: 0.01
A78: 50 | B78: Цена поставщика | C78: "Legrand" Mosaic Суппорт 1 пост, кр. 85 10913 | D78: шт | E78: 20 | F78: 44,2 290/1,18/5,56 | J78: 884
A79: 51 | B79: Цена поставщика | C79: "Legrand" Mosaic Суппорт/Рамка 4 М Dlp Кр.65 10954 | D79: шт | E79: 14 | F79: 16,46 108/1,18/5,56 | J79: 230
A80: 52 | B80: ТЕРм10-06-037-13 | C80: Крышка декоративная и другие мелкие изделия (без присоединения проводов) | D80: 100 шт. | E80: 0.34 | F80: 82.85 | G80: 78.98 | J80: 28 | K80: 27 | N80: 6.18 | O80: 2.1
A81: Раздел 4. Щиты
A82: Щит ЩС-3
A83: 53 | B83: Цена поставщика | C83: Корпус металлический ЩРв-2х48зк-1 36 IP31 "UNIVERSAL" MKM12-V-2x48-31-ZK-U | D83: шт. | E83: 1 | F83: 752,84 4939,20/1,18/5,56 | J83: 753
A84: 54 | B84: ТЕРм08-03-599-10 | C84: Щитки, устанавливаемые на стене распорными дюбелями, масса щитка до 15 кг | D84: 1 шт. | E84: 1 | F84: 128.26 | G84: 58.25 | H84: 7.85 | I84: 0.36 | J84: 128 | K84: 58 | L84: 8 | N84: 4.17 | O84: 4.17 | P84: 0.02 | Q84: 0.02
A85: 55 | B85: Цена поставщика | C85: "Legrand" Авт.Выкл. DX3 3П С80A 409280 | D85: шт | E85: 2 | F85: 791,52 5193/1,18/5,56 | J85: 1583
A86: 56 | B86: Цена поставщика | C86: "Legrand" Авт.Выкл. DX3 3П С63A 409260 | D86: шт | E86: 3 | F86: 647,16 4245,87/1,18/5,56 | J86: 1941
A87: 57 | B87: Цена поставщика | C87: "Legrand" Авт.Выкл. ВДТ-DX3-ID 3П+N А100A 411763 | D87: шт | E87: 2 | F87: 1108,1 7269,99/1,18/5,56 | J87: 2216
A88: 58 | B88: ТЕРм08-03-526-02 | C88: Автомат одно-, двух-, трехполюсный, устанавливаемый в шкафу, на ток до 100 А | D88: 1 шт. | E88: 7 | F88: 215.9 | G88: 31.09 | H88: 4.53 | I88: 0.18 | J88: 1511 | K88: 218 | L88: 32 | M88: 1 | N88: 2.32 | O88: 16.24 | P88: 0.01 | Q88: 0.07
A89: 59 | B89: Цена поставщика | C89: "Legrand" Авт.Выкл. DX3 1П С16A 409114 | D89: шт | E89: 7 | F89: 118,74 779/1,18/5,56 | J89: 831
A90: 60 | B90: Цена поставщика | C90: "Legrand" Авт.Выкл. DX3 1П С25A 409116 | D90: шт | E90: 22 | F90: 118,74 779/1,18/5,56 | J90: 2612
A91: 61 | B91: ТЕРм08-03-526-01 | C91: Автомат одно-, двух-, трехполюсный, устанавливаемый в шкафу, на ток до 25 А | D91: 1 шт. | E91: 29 | F91: 174.77 | G91: 20.9 | H91: 1.28 | J91: 5068 | K91: 606 | L91: 37 | N91: 1.56 | O91: 45.24
A92: 62 | B92: Цена поставщика | C92: Шина "N" нулевая 8х12мм 26/2 "UNIVERSAL" ИЭК YNN21-26-125 | D92: шт | E92: 8 | F92: 37,34 245/1,18/5,56 | J92: 299
A93: 63 | B93: Цена поставщика | C93: Изолятор-стойка "UNIVERSAL" для шин ИСК-1 ИЭК YIS50-K05 | D93: шт | E93: 16 | F93: 2,13 14/1,18/5,56 | J93: 34
A94: 64 | B94: Цена поставщика | C94: Шина соединительная PIN 3Р 100А шаг 27 мм (дл. 1м) ИЭК YNS51-3-100 | D94: шт | E94: 2 | F94: 247,53 1624/1,18/5,56 | J94: 495
A95: 65 | B95: Цена поставщика | C95: Шина соединительная типа PIN (штырь) 1Р 100А(дл. 1м) ИЭК YNS21-1-100 | D95: шт | E95: 2 | F95: 60,82 399/1,18/5,56 | J95: 122
A96: 66 | B96: Цена поставщика | C96: Ограничитель на DIN-рейку(металл) ИЭК YXD10 | D96: шт | E96: 14 | F96: 1,17 7,70/1,18/5,56 | J96: 16
A97: 67 | B97: ТЕРм11-03-001-01 | C97: Приборы, устанавливаемые на металлоконструкциях, щитах и пультах, масса до 5 кг | D97: 1 шт. | E97: 41 | F97: 8.41 | G97: 7.26 | J97: 345 | K97: 298 | N97: 0.52 | O97: 21.32
A98: Щит ЩС-1.1
A99: 68 | B99: Цена поставщика | C99: Корпус металлический ЩРв-36з-1 74 IP54 "UNIVERSAL" MKM11-V-36-54-Z-U | D99: шт. | E99: 1 | F99: 493,49 3237,68/1,18/5,56 | J99: 493
A100: 69 | B100: ТЕРм08-03-599-10 | C100: Щитки, устанавливаемые на стене распорными дюбелями, масса щитка до 15 кг | D100: 1 шт. | E100: 1 | F100: 128.26 | G100: 58.25 | H100: 7.85 | I100: 0.36 | J100: 128 | K100: 58 | L100: 8 | N100: 4.17 | O100: 4.17 | P100: 0.02 | Q100: 0.02
A101: 70 | B101: Цена поставщика | C101: "Legrand" Авт.Выкл. DX3 3П С125A 409282 | D101: шт | E101: 1 | F101: 791,52 5193/1,18/5,56 | J101: 792
A102: 71 | B102: ТЕРм08-03-526-03 | C102: Автомат одно-, двух-, трехполюсный, устанавливаемый в шкафу на ток до 250 А | D102: 1 шт. | E102: 1 | F102: 243.6 | G102: 40.27 | H102: 4.58 | I102: 0.18 | J102: 244 | K102: 40 | L102: 5 | N102: 2.76 | O102: 2.76 | P102: 0.01 | Q102: 0.01
A103: 72 | B103: Цена поставщика | C103: "Legrand" Авт.Выкл. DX3 3П С100A 409281 | D103: шт | E103: 4 | F103: 791,52 5193/1,18/5,56 | J103: 3166
...

Sheet 25082
A1: СОГЛАСОВАНО: | E1: ФГУП "Комбинат "Электрохимприбор" | M1: УТВЕРЖДАЮ:
G2: (наименование стройки) | M2: Зам. генерального директора
M3: Е.В.Гордеев
A4: _________________ | M4: _________________
A5: " _____ " ________________ 2013 г. | M5: "______ " __________2013 г.
G6: ЛОКАЛЬНЫЙ СМЕТНЫЙ РАСЧЕТ № 25082
G7: (локальная смета)
C9: на | D9: реконструкцию помещений для отдела 031. Город, ул.М-Сибиряка, 3. Инв.№ 4900006
D10: Раздел: Автоматическая установка пожарной сигнализации и СОУЭ.
H11: (наименование работ и затрат, наименование объекта)
D13: Основание: проект № 24736-13-ПС
D14: Сметная стоимость _______________________________________________________________________________________________ | J14: ___________________________21,055 | L14: тыс. руб.
D15: монтажных работ _______________________________________________________________________________________________ | J15: _______________________________________________________________________________________________18,191 | L15: тыс. руб.
D16: прочих (ПНР "в холостую") _______________________________________________________________________________________________ | J16: _______________________________________________________________________________________________2,864 | L16: тыс. руб.
D17: Средства на оплату труда _______________________________________________________________________________________________ | J17: ___________________________6,647 | L17: тыс. руб.
D18: Сметная трудоемкость _______________________________________________________________________________________________ | J18: _______________________________________________________________________________________________439,78 | L18: чел.час
D19: Материалы ______________________________________ | K19: 0.22542 | L19: тыс.руб.
D20: Составлен(а) в базовых ценах 2001г. в редакции 2009г.
A22: № пп | B22: Обоснование | C22: Наименование | D22: Ед. изм. | E22: Кол. | F22: Стоимость единицы, руб. | J22: Общая стоимость, руб. | N22: Т/з осн. раб.на ед. | O22: Т/з осн. раб. Всего | P22: Т/з мех. на ед. | Q22: Т/з мех. Всего
F23: Всего | G23: В том числе | J23: Всего | K23: В том числе
G24: Осн.З/п | H24: Эк.Маш | I24: З/пМех | K24: Осн.З/п | L24: Эк.Маш | M24: З/пМех
A25: 1 | B25: 2 | C25: 3 | D25: 4 | E25: 5 | F25: 6 | G25: 7 | H25: 8 | I25: 9 | J25: 10 | K25: 11 | L25: 12 | M25: 13 | N25: 14 | O25: 15 | P25: 16 | Q25: 17
A26: Раздел 1. Монтажные работы
A27: 1 | B27: Цена поставщика | C27: Метка пожарная адресная МА-7ТС | D27: шт | E27: 1 | F27: 89,93 590/1,18/5,56 | J27: 90
A28: 2 | B28: ТЕРм10-08-003-05 прим. | C28: Монтаж: метка адресная "Юнитроник" "МА-7ТС" | D28: 1 шт. | E28: 1 | F28: 86.32 | G28: 78.05 | H28: 0.37 | J28: 86 | K28: 78 | N28: 5.76 | O28: 5.76
A29: 3 | B29: Цена поставщика | C29: Дымовой извещатель "ИП-212-92" | D29: шт | E29: 24 | F29: 90,69 595/1,18/5,56 | J29: 2177
A30: 4 | B30: ТЕРм10-08-003-01 | C30: Монтаж: извещатель пожарный дымовой оптико-электронный "ИП-212-92" | D30: 1 шт. | E30: 21 | F30: 118.78 | G30: 108.98 | H30: 0.37 | J30: 2494 | K30: 2289 | L30: 8 | N30: 7.92 | O30: 166.32
A31: 5 | B31: Цена поставщика | C31: Извещатель пожарный ручной "ИПР-3СУ" | D31: шт | E31: 4 | F31: 26,21 171,93/1,18/5,56 | J31: 105
A32: 6 | B32: ТЕРм10-04-066-05 | C32: Монтаж: извещатель пожарный ручной | D32: 1 шт. | E32: 3 | F32: 13.89 | G32: 12.78 | J32: 42 | K32: 38 | N32: 1 | O32: 3
A33: 7 | B33: Цена поставщика | C33: Оповещатель звуковой ПКИ-1 "КОЛИБРИ" | D33: шт | E33: 6 | F33: 26,34 172,80/1,18/5,56 | J33: 158
A34: 8 | B34: ТЕРм10-04-066-05 | C34: Монтаж: оповещатель звуковой | D34: 1 шт. | E34: 5 | F34: 13.89 | G34: 12.78 | J34: 69 | K34: 64 | N34: 1 | O34: 5
A35: 9 | B35: Цена поставщика | C35: Оповещатель световой "Блик-С12" | D35: шт | E35: 5 | F35: 33,4 219,12/1,18/5,56 | J35: 167
A36: 10 | B36: ТЕРм10-04-066-06 | C36: Монтаж: оповещатель световой | D36: 1 шт. | E36: 4 | F36: 98.76 | G36: 74.88 | J36: 395 | K36: 300 | N36: 6 | O36: 24
A37: 11 | B37: ТСЦ-509-0584 | C37: Резисторы | D37: шт. | E37: 20 | F37: 1.19 | J37: 24
A38: 12 | B38: ТЕРм11-03-001-01 | C38: Монтаж: резисторы, диоды | D38: 1 шт. | E38: 14 | F38: 8.41 | G38: 7.26 | J38: 118 | K38: 102 | N38: 0.52 | O38: 7.28
A39: 13 | B39: ТСЦ-503-0460 | C39: Разветвительная коробка УК-2 | D39: шт. | E39: 4 | F39: 2.85 | J39: 11
A40: 14 | B40: ТЕРм10-08-019-01 | C40: Монтаж: коробка ответвительная на стене | D40: 1 шт. | E40: 4 | F40: 7.32 | G40: 6.88 | J40: 29 | K40: 28 | N40: 0.5 | O40: 2
A41: 15 | B41: ФЕРм08-02-390-01 | C41: Монтаж: короба пластмассовые: шириной до 40 мм КОЭФ. К ПОЗИЦИИ: Приведение расценок ФЕР к территориальному уровню (Письмо УРЦЦС Ц-297 от 12.04.2011) ОЗП=1,41; ЭМ=1,242; ЗПМ=1,41; МАТ=1,052 | D41: 100 м | E41: 0.7 | F41: 311.4 | G41: 218.44 | H41: 38.75 | I41: 0.17 | J41: 218 | K41: 153 | L41: 27 | N41: 16.29 | O41: 11.4 | P41: 0.01 | Q41: 0.01
A42: 16 | B42: Цена поставщика | C42: Кабель-канал DKC 15/1x17 TMC IN-Liner L=2м,, 00303 | D42: м | E42: 50 | F42: 3,51 23/1,18/5,56 | J42: 176
A43: 17 | B43: Цена поставщика | C43: Кабель-канал DKC 50x20 TMС IN-Liner самоклеющийся L=2м, 00313 | D43: м | E43: 20 | F43: 10,61 69,61/1,18/5,56 | J43: 212
A44: 18 | B44: ТСЦ-503-0452 | C44: Коробка монтажная | D44: шт. | E44: 6 | F44: 6.2 | J44: 37
A45: 19 | B45: ТЕРм10-04-066-04 | C45: Монтаж: коробка контажная | D45: 1 шт. | E45: 6 | F45: 58.16 | G45: 48.04 | J45: 349 | K45: 288 | N45: 4 | O45: 24
A46: 20 | B46: ФССЦ-509-2293 | C46: Выключатели автоматические «Legrand» серии DX-Standart 1Р 16А КОЭФ. К ПОЗИЦИИ: Приведение расценок ФЕР к территориальному уровню (Письмо УРЦЦС Ц-297 от 12.04.2011) ОЗП=1,41; ЭМ=1,242; ЗПМ=1,41; МАТ=1,052 | D46: шт. | E46: 1 | F46: 69.94 | J46: 70
A47: 21 | B47: ТЕРм08-03-526-01 | C47: Монтаж: автомат однополюсный, устанавливаемый в шкафу, на ток до 25 А | D47: 1 шт. | E47: 1 | F47: 115.65 | G47: 20.9 | H47: 1.28 | J47: 116 | K47: 21 | L47: 1 | N47: 1.56 | O47: 1.56
A48: 22 | B48: Цена поставщика | C48: Кабель КПСВВнг(А)-FRLS 1х2х0,5 | D48: 1000м | E48: 0.1479 | F48: 1742,93 11435/1,18/5,56 | J48: 258
A49: 23 | B49: Цена поставщика | C49: Кабель КПСВВнг(А)-FRLS 1х2х1,0 | D49: 1000м | E49: 0.0714 | F49: 2893,85 18986/1,18/5,56 | J49: 207
A50: 24 | B50: ФССЦ-501-8442 | C50: Кабель силовой с медными жилами с поливинилхлоридной изоляцией и оболочкой, не распространяющий горение марки ВВГнг, напряжением 0,66 кВ, с числом жил - 3 и сечением 1,5 мм2 КОЭФ. К ПОЗИЦИИ: Приведение расценок ФЕР к территориальному уровню (Письмо УРЦЦС Ц-297 от 12.04.2011) ОЗП=1,41; ЭМ=1,242; ЗПМ=1,41; МАТ=1,052 | D50: 1000 м | E50: 0.016 | F50: 3194.61 | J50: 51
A51: 25 | B51: Цена поставщика | C51: Кабель для информационной линии прибора ЮНИТРОНИК UTP1 Cat 5 КВП 1х2х052 (500м) | D51: 1000м | E51: 0.2907 | F51: 763,17 5007/1,18/5,56 | J51: 222
A52: 26 | B52: ТЕРм08-02-399-01 | C52: Монтаж: провод в коробах, сечением до 6 мм2 | D52: 100 м | E52: 5.16 | F52: 189.23 | G52: 46.64 | H52: 56.09 | I52: 24.55 | J52: 976 | K52: 241 | L52: 289 | M52: 127 | N52: 3.52 | O52: 18.16 | P52: 1.57 | Q52: 8.1
A53: Раздел 2. Пусконаладочные работы (в холостую 80%)
A54: 27 | B54: ТЕРп01-10-001-01 | C54: Сбор и реализация сигналов информации устройств защиты, автоматики электрических и технологических режимов КОЭФ. К ПОЗИЦИИ: 0.10 При выполнении пусконаладочных работ на высоте от 2 до 8м ОЗП=1,1; ТЗ=1,1 | D54: 1 сигнал | E54: 33 | F54: 27.19 | G54: 27.19 | J54: 897 | K54: 897 | N54: 1.65 | O54: 54.45
A55: 28 | B55: ТЕРп01-10-010-01 | C55: Схема контроля изоляции электрической сети с помощью электроизмерительных приборов | D55: 1 схема | E55: 2 | F55: 95.38 | G55: 95.38 | J55: 191 | K55: 191 | N55: 6 | O55: 12
A56: 29 | B56: ТЕРп02-01-002-01 | C56: Автоматизированная система управления II категории технической сложности с количеством каналов (Кобщ) 2 | D56: 1 система | E56: 1 | F56: 366.98 | G56: 366.98 | J56: 367 | K56: 367 | N56: 17.6 | O56: 17.6
A57: Итого прямые затраты по смете в ценах 2001г. | J57: 10312 | K57: 5057 | L57: 325 | M57: 127 | O57: 352.53 | Q57: 8.11
A58: Итого прямые затраты по смете с учетом коэффициентов к итогам | J58: 11920 | K58: 6469 | L58: 446 | M58: 178 | O58: 439.78 | Q58: 10.95
A59: В том числе, справочно:
A60: Районный к-т 4,3% (Поз. 2, 4, 12, 14, 6, 8, 10, 19, 15, 21, 26-29) | J60: 223 | K60: 217 | L60: 5 | M60: 5
A61: Заготовительно-складские расходы на материалы - согласно п.4.64 из МДС 81-35.2004 МАТ=1,02 (Поз. 1, 3, 5, 7, 9, 16-17, 22-23, 25) | J61: 75
A62: 2. Производство монтажных работ в существующих зданиях и сооружениях в стесненных условиях ОЗП=1,35; ЭМ=1,35; ЗПМ=1,35; ТЗ=1,35; ТЗМ=1,35 (Поз. 2, 4, 12, 14, 6, 8, 10, 19, 15, 21, 26) | J62: 1431 | K62: 1315 | L62: 116 | M62: 46 | O62: 93.968 | Q62: 2.8385
A63: 3. ПНР на действующих предприятиях в зданиях при наличии в зоне производства работ загромождающих помещения предметов ОЗП=1,15; ТЗ=1,15 (Поз. 27-29) | J63: 228 | K63: 228 | O63: 12.6075
A64: Пусконаладочные работы (в холостую 80%) ПЗ=0,8 (ОЗП=0,8; ЭМ=0,8; ЗПМ=0,8; МАТ=0,8; ТЗ=0,8; ТЗМ=0,8) (Поз. 27-29) | J64: -349 | K64: -349 | O64: -19.332
A65: Накладные расходы | J65: 5339
A66: В том числе, справочно:
A67: 65% ФОТ (от 1397) (Поз. 27-29) | J67: 908
A68: 80% ФОТ (от 3515) (Поз. 2, 4, 12, 14) | J68: 2812
A69: 92% ФОТ (от 972) (Поз. 6, 8, 10, 19) | J69: 894
A70: 95% ФОТ (от 763) (Поз. 15, 21, 26) | J70: 725
A71: Сметная прибыль | J71: 3796
A72: В том числе, справочно:
A73: 40% ФОТ (от 1397) (Поз. 27-29) | J73: 559
A74: 60% ФОТ (от 3515) (Поз. 2, 4, 12, 14) | J74: 2109
A75: 65% ФОТ (от 1735) (Поз. 6, 8, 10, 19, 15, 21, 26) | J75: 1128
A76: Итоги по смете:
A77: Итого Монтажные работы | J77: 18191 | O77: 362.45 | Q77: 10.95
A78: Итого Прочие затраты | J78: 2864 | O78: 77.33
A79: Итого | J79: 21055 | O79: 439.78 | Q79: 10.95
A80: В том числе:
A81: Материалы | J81: 5005
A82: Машины и механизмы | J82: 446
A83: ФОТ | J83: 6647
A84: Накладные расходы | J84: 5339
A85: Сметная прибыль | J85: 3796
A86: ВСЕГО по смете | J86: 21055 | O86: 439.78 | Q86: 10.95

Sheet 25083
A1: СОГЛАСОВАНО: | E1: ФГУП "Комбинат "Электрохимприбор" | M1: УТВЕРЖДАЮ:
G2: (наименование стройки) | M2: Зам.генерального директора
A3: _________________ | N3: Е.В. Гордеев
A4: " _____ " ________________ 2013 г. | M4: __________________
G5: ЛОКАЛЬНЫЙ СМЕТНЫЙ РАСЧЕТ № 25083 | M5: "______ " __________2013 г.
G6: (локальная смета)
C8: на | D8: Реконструкцию помещений для отдела 031. Город, ул.Мамина-Сибиряка, 3 (Инв.№ 4900006)
D9: Раздел: архитектурно-строительный
D10: (наименование работ и затрат, наименование объекта)
D12: Основание: проект № 24672-13-АС
D13: Сметная стоимость строительных работ _______________________________________________________________________________________________ | J13: ___________________________378,177 | L13: тыс. руб.
D14: Средства на оплату труда _______________________________________________________________________________________________ | J14: ___________________________44,996 | L14: тыс. руб.
D15: Сметная трудоемкость _______________________________________________________________________________________________ | J15: _______________________________________________________________________________________________3431,25 | L15: чел.час
D16: Материалы _________________________________________________________ | K16: 253,684 тыс.руб.
D17: Составлен(а) в базовых ценах 2001г. в редакции 2009г.
A19: № пп | B19: Обоснование | C19: Наименование | D19: Ед. изм. | E19: Кол. | F19: Стоимость единицы, руб. | J19: Общая стоимость, руб. | N19: Т/з осн. раб.на ед. | O19: Т/з осн. раб. Всего | P19: Т/з мех. на ед. | Q19: Т/з мех. Всего
F20: Всего | G20: В том числе | J20: Всего | K20: В том числе
G21: Осн.З/п | H21: Эк.Маш | I21: З/пМех | K21: Осн.З/п | L21: Эк.Маш | M21: З/пМех
A22: 1 | B22: 2 | C22: 3 | D22: 4 | E22: 5 | F22: 6 | G22: 7 | H22: 8 | I22: 9 | J22: 10 | K22: 11 | L22: 12 | M22: 13 | N22: 14 | O22: 15 | P22: 16 | Q22: 17
A23: Раздел 1. Разборка конструкций
A24: 1 | B24: ТЕР46-04-012-03 | C24: Разборка деревянных заполнений проемов дверных | D24: 100 м2 | E24: 0.358 | F24: 1496.49 | G24: 1184.57 | H24: 311.92 | I24: 120.9 | J24: 536 | K24: 424 | L24: 112 | M24: 43 | N24: 103.91 | O24: 37.2 | P24: 7.74 | Q24: 2.77
A25: 2 | B25: ТЕР46-04-012-01 | C25: Разборка деревянных заполнений проемов оконных с подоконными досками | D25: 100 м2 | E25: 0.083 | F25: 2461.28 | G25: 2149.36 | H25: 311.92 | I25: 120.9 | J25: 204 | K25: 178 | L25: 26 | M25: 10 | N25: 188.54 | O25: 15.65 | P25: 7.74 | Q25: 0.64
A26: 3 | B26: ТЕРр58-3-1 | C26: Разборка мелких покрытий и обделок из листовой стали поясков, сандриков, желобов, отливов, свесов и т.п. | D26: 100 м | E26: 0.048 | F26: 100.24 | G26: 100.01 | H26: 0.23 | J26: 5 | K26: 5 | N26: 9.1 | O26: 0.44
A27: 4 | B27: ТЕР46-04-001-04 | C27: Разборка кирпичных стен, в т.ч. пробивка отверстий | D27: 1 м3 | E27: 4.025 | F27: 296.8 | G27: 102.84 | H27: 193.96 | I27: 17.96 | J27: 1195 | K27: 414 | L27: 781 | M27: 72 | N27: 8.24 | O27: 33.17 | P27: 1.15 | Q27: 4.63
A28: 5 | B28: ТЕРр63-7-5 | C28: Разборка облицовки стен из керамических глазурованных плиток | D28: 100 м2 | E28: 1.173 | F28: 1081.91 | G28: 823.99 | H28: 257.92 | I28: 27.68 | J28: 1269 | K28: 967 | L28: 302 | M28: 32 | N28: 74.3 | O28: 87.15 | P28: 1.99 | Q28: 2.33
A29: 6 | B29: ТЕР10-01-015-01 | C29: Разборка перегородок каркасно-филенчатых в санузлах КОЭФ. К ПОЗИЦИИ: Разборка ОЗП=0,8; ЭМ=0,8 к расх.; ЗПМ=0,8; МАТ=0 к расх.; ТЗ=0,8; ТЗМ=0,8 | D29: 100 м2 | E29: 0.043 | F29: 1216.66 | G29: 876.2 | H29: 340.46 | J29: 52 | K29: 38 | L29: 14 | N29: 71.12 | O29: 3.06
A30: 7 | B30: ТЕРр57-3-2 | C30: Разборка плинтусов цементных и из керамической плитки | D30: 100 м плинтуса | E30: 0.59 | F30: 156.94 | G30: 156.94 | J30: 93 | K30: 93 | N30: 14.28 | O30: 8.43
A31: 8 | B31: ТЕР46-04-011-02 | C31: Разборка в зданиях и сооружения покрытий полов из плиток мозаичных | D31: 100 м2 | E31: 0.253 | F31: 541.99 | G31: 464.41 | H31: 77.58 | I31: 7.19 | J31: 137 | K31: 117 | L31: 20 | M31: 2 | N31: 36.77 | O31: 9.3 | P31: 0.46 | Q31: 0.12
A32: 9 | B32: ТЕРр57-2-3 | C32: Разборка покрытий полов из керамических плиток | D32: 100 м2 | E32: 0.3 | F32: 897.17 | G32: 839.14 | H32: 58.03 | I32: 22.49 | J32: 269 | K32: 252 | L32: 17 | M32: 7 | N32: 69.87 | O32: 20.96 | P32: 1.44 | Q32: 0.43
A33: 10 | B33: ТЕРр57-2-4 | C33: Разборка цементно-песчаной стяжки | D33: 100 м2 | E33: 0.553 | F33: 4262.51 | G33: 1335.51 | H33: 2927 | I33: 288.33 | J33: 2357 | K33: 739 | L33: 1618 | M33: 159 | N33: 111.2 | O33: 61.49 | P33: 21 | Q33: 11.61
A34: 11 | B34: ТЕРр57-3-1 | C34: Разборка плинтусов деревянных и из пластмассовых материалов | D34: 100 м | E34: 3.69 | F34: 41.43 | G34: 41.43 | J34: 153 | K34: 153 | N34: 3.77 | O34: 13.91
A35: 12 | B35: ТЕРр57-2-1 | C35: Разборка покрытий полов из линолеума | D35: 100 м2 | E35: 3.448 | F35: 130.42 | G35: 125.18 | H35: 5.24 | I35: 2.03 | J35: 450 | K35: 432 | L35: 18 | M35: 7 | N35: 11.39 | O35: 39.27 | P35: 0.13 | Q35: 0.45
A36: 13 | B36: ТЕР09-03-049-01 | C36: Разборка перекрытия подпольного канала из рифленой стали КОЭФ. К ПОЗИЦИИ: Разборка ОЗП=0,7; ЭМ=0,7 к расх.; ЗПМ=0,7; МАТ=0 к расх.; ТЗ=0,7; ТЗМ=0,7 | D36: 100 м2 | E36: 0.011 | F36: 4382.26 | G36: 4275.1 | H36: 107.16 | I36: 7.01 | J36: 48 | K36: 47 | L36: 1 | N36: 330.38 | O36: 3.63 | P36: 0.39
A37: 14 | B37: ТЕР46-04-009-02 | C37: Разборка бетонных оснований под полы (подпольный канал) | D37: 1 м3 | E37: 0.057 | F37: 340.01 | G37: 99.68 | H37: 240.33 | I37: 29.03 | J37: 19 | K37: 6 | L37: 13 | M37: 2 | N37: 7.8 | O37: 0.44 | P37: 1.86 | Q37: 0.11
A38: 15 | B38: ТЕР46-06-007-01 | C38: Разборка стен из кирпича подземной части зданий | D38: 10 м3 | E38: 0.011 | F38: 442.16 | G38: 301.97 | H38: 140.19 | I38: 15.78 | J38: 5 | K38: 3 | L38: 2 | N38: 22.79 | O38: 0.25 | P38: 1.01 | Q38: 0.01
A39: 16 | B39: ТЕРр51-2-4 | C39: Разработка грунта при подводке, смене или усилении фундаментов, грунты 3-4 группы, без крепления | D39: 100 м3 | E39: 0.004 | F39: 5924.95 | G39: 5923.86 | H39: 1.09 | J39: 24 | K39: 24 | N39: 524.7 | O39: 2.1
A40: 17 | B40: ТЕР01-02-060-02 | C40: Погрузка вручную неуплотненного грунта из штабелей и отвалов в транспортные средства, группа грунтов 2 | D40: 100 м3 | E40: 0.004 | F40: 653.23 | G40: 653.23 | J40: 3 | K40: 3 | N40: 61.8 | O40: 0.25
A41: 18 | B41: ФССЦпг01-01-01-041 | C41: Погрузочные работы при автомобильных перевозках: Мусор строительный с погрузкой вручную КОЭФ. К ПОЗИЦИИ: п.1.1.9 ОП Прил.1. Поясной коэффициент: Свердловская область ПЗ=1,1 (ОЗП=1,1; ЭМ=1,1; ЗПМ=1,1; МАТ=1,1); Коэффициент техн.часть п.3 ПЗ=1,025 (ОЗП=1,025; ЭМ=1,025 к расх.; ЗПМ=1,025; МАТ=1,025 к расх.; ТЗ=1,025; ТЗМ=1,025) | D41: 1 т | E41: 20 | F41: 48.46 | G41: 48.46 | J41: 969 | K41: 969
A42: 19 | B42: СЦП3-3-40-1 | C42: Перевозка грузов (грунта и мусора) автомобилями-самосвалами (работающими вне карьеров): расстояние 40 км, класс груза I КОЭФ. К ПОЗИЦИИ: 17 При перевозке грузов к провозной плате (тарифам) применять поправочный коэффициент ПЗ=1,37 (ОЗП=1,37; ЭМ=1,37 к расх.; ЗПМ=1,37; МАТ=1,37 к расх.; ТЗ=1,37; ТЗМ=1,37) | D42: т | E42: 21 | F42: 52.85 | H42: 52.85 | J42: 1110 | L42: 1110
A43: Раздел 2. Общестроительные работы
A44: Подпольные каналы
A45: 20 | B45: ТЕР08-01-002-02 | C45: Устройство основания под фундаменты щебеночного | D45: 1 м3 | E45: 0.036 | F45: 96.04 | G45: 27.62 | H45: 67.69 | I45: 7.48 | J45: 3 | K45: 1 | L45: 2 | N45: 2.4 | O45: 0.09 | P45: 0.54 | Q45: 0.02
A46: 21 | B46: ТСЦ-408-0022 | C46: Щебень из природного камня для строительных работ марка 400, фракция 10-20 мм | D46: м3 | E46: 0.047 | F46: 132.77 | J46: 6
A47: 22 | B47: ТЕР10-01-012-05 прим. | C47: Устройство прокладки из рубероида | D47: 100 м2 | E47: 0.01 | F47: 106.38 | G47: 102.01 | H47: 4.37 | J47: 1 | K47: 1 | N47: 8.28 | O47: 0.08
A48: 23 | B48: ТСЦ-101-0854 | C48: Рубероид кровельный с крупнозернистой посыпкой | D48: м2 | E48: 1 | F48: 11.1 | J48: 11
A49: 24 | B49: ТЕР06-01-005-01 прим. | C49: Устройство бетонного лотка | D49: 100 м3 | E49: 0.004 | F49: 14027.2 | G49: 5255.64 | H49: 4236.84 | I49: 628.66 | J49: 56 | K49: 21 | L49: 17 | M49: 3 | N49: 441.28 | O49: 1.77 | P49: 34.58 | Q49: 0.14
A50: 25 | B50: ТСЦ-401-0066 | C50: Бетон тяжелый, крупность заполнителя 20 мм, класс В15 (М200) | D50: м3 | E50: 0.4 | F50: 593.48 | J50: 237
A51: 26 | B51: ФЕР08-01-005-01 прим. | C51: Устройство обмазочной изоляции стен ЛАХТА КОЭФ. К ПОЗИЦИИ: Приведение расценок ФЕР к территориальному уровню (Письмо УРЦЦС Ц-297 от 12.04.2011) ОЗП=1,41; ЭМ=1,242; ЗПМ=1,7512; МАТ=1,052; ТЗ=1,41; ТЗМ=1,7512 | D51: 100 м2 | E51: 0.03 | F51: 147.29 | G51: 122.25 | H51: 24.36 | I51: 2.29 | J51: 4 | K51: 4 | N51: 15.4 | O51: 0.46 | P51: 0.23 | Q51: 0.01
A52: 27 | B52: ТСЦ-402-0195 прим. | C52: Смесь сухая гидроизоляционная проникающая "Лахта" | D52: кг | E52: 9.5 | F52: 77.87 | J52: 740
A53: 28 | B53: ТЕР06-01-015-08 | C53: Установка закладных деталей | D53: 1 т | E53: 0.018 | F53: 7992.38 | G53: 807.95 | H53: 42.05 | I53: 2.73 | J53: 144 | K53: 15 | L53: 1 | N53: 63.22 | O53: 1.14 | P53: 0.15
A54: 29 | B54: ТЕР09-03-049-01 | C54: Установка съемных металлических полов из плит стальных штампованных | D54: 100 м2 | E54: 0.01 | F54: 6260.37 | G54: 6107.29 | H54: 153.08 | I54: 10.01 | J54: 63 | K54: 61 | L54: 2 | N54: 471.97 | O54: 4.72 | P54: 0.55 | Q54: 0.01
A55: 30 | B55: ТСЦ-201-0778 | C55: Прочие индивидуальные сварные конструкции, масса сборочной единицы до 0,1 т | D55: т | E55: 0.038 | F55: 13506.5 | J55: 513
A56: 31 | B56: ТЕР13-03-002-15 | C56: Огрунтовка металлических поверхностей за один раз лаком БТ-577 КОЭФ. К ПОЗИЦИИ: за 2 раза ПЗ=2 (ОЗП=2; ЭМ=2 к расх.; ЗПМ=2; МАТ=2 к расх.; ТЗ=2; ТЗМ=2) | D56: 100 м2 | E56: 0.014 | F56: 354.5 | G56: 120.58 | H56: 24.66 | I56: 0.32 | J56: 5 | K56: 2 | N56: 7.82 | O56: 0.11 | P56: 0.02
A57: 32 | B57: ТЕР11-01-036-02 | C57: Покрытие металлических плит линолеумом на клее | D57: 100 м2 | E57: 0.01 | F57: 1013.17 | G57: 496.5 | H57: 68.69 | I57: 5.47 | J57: 10 | K57: 5 | L57: 1 | N57: 42.4 | O57: 0.42 | P57: 0.35
A58: 33 | B58: ТСЦ-101-3647 прим. | C58: Линолеум ARMSTRONG, ПВХ, толщиной 3,2 мм антистатический | D58: м2 | E58: 1.02 | F58: 181.8 | J58: 185
A59: 34 | B59: ТЕР11-01-002-04 | C59: Засыпка существующего подпольного канала щебнем | D59: 1 м3 | E59: 0.1 | F59: 276.85 | G59: 46.55 | H59: 65.15 | I59: 8.59 | J59: 28 | K59: 5 | L59: 7 | M59: 1 | N59: 3.73 | O59: 0.37 | P59: 0.55 | Q59: 0.06
A60: 35 | B60: ТЕР11-01-002-09 | C60: Устройство подстилающих слоев бетонных | D60: 1 м3 | E60: 0.023 | F60: 52.12 | G60: 43.22 | H60: 0.27 | J60: 1 | K60: 1 | N60: 3.66 | O60: 0.08
A61: 36 | B61: ТСЦ-401-0006 | C61: Бетон тяжелый, класс В15 (М200) | D61: м3 | E61: 0.023 | F61: 563.16 | J61: 13
A62: 37 | B62: ТЕР11-01-011-01 | C62: Устройство стяжек цементных толщиной 20 мм | D62: 100 м2 | E62: 0.002 | F62: 1959.54 | G62: 442.12 | H62: 56.26 | I62: 19.84 | J62: 4 | K62: 1 | N62: 39.51 | O62: 0.08 | P62: 1.27
A63: 38 | B63: ТЕР06-01-001-01 | C63: Устройство гидрозамка (монолитная заделка после установки трубопровода) | D63: 100 м3 | E63: 0.001 | F63: 9627.53 | G63: 1978.2 | H63: 4648.35 | I63: 327.6 | J63: 10 | K63: 2 | L63: 5 | N63: 180 | O63: 0.18 | P63: 18 | Q63: 0.02
A64: 39 | B64: ТСЦ-401-0066 | C64: Бетон тяжелый, крупность заполнителя 20 мм, класс В15 (М200) | D64: м3 | E64: 0.1 | F64: 593.48 | J64: 59
A65: 40 | B65: ФЕР08-01-005-01 прим. | C65: Устройство обмазочной изоляции ЛАХТА бетонной заделки КОЭФ. К ПОЗИЦИИ: Приведение расценок ФЕР к территориальному уровню (Письмо УРЦЦС Ц-297 от 12.04.2011) ОЗП=1,41; ЭМ=1,242; ЗПМ=1,7512; МАТ=1,052; ТЗ=1,41; ТЗМ=1,7512 | D65: 100 м2 | E65: 0.02 | F65: 147.29 | G65: 122.25 | H65: 24.36 | I65: 2.29 | J65: 3 | K65: 2 | N65: 15.4 | O65: 0.31 | P65: 0.23
A66: 41 | B66: ТСЦ-402-0195 прим. | C66: Смесь сухая гидроизоляционная проникающая "Лахта" | D66: кг | E66: 6.3 | F66: 77.87 | J66: 491
A67: Стены, перегородки
A68: 42 | B68: ТЕР10-05-001-01 | C68: Устройство перегородок из гипсокартонных листов (ГКЛ) по системе «КНАУФ» с одинарным металлическим каркасом и однослойной обшивкой с обеих сторон глухих | D68: 100 м2 | E68: 0.267 | F68: 15050.65 | G68: 1252.44 | H68: 51.19 | J68: 4019 | K68: 334 | L68: 14 | N68: 98 | O68: 26.17
A69: 43 | B69: ТЕР10-05-001-01 | C69: Заделка проемов гипсокартонным листом (ГКЛ) по системе «КНАУФ» с одинарным металлическим каркасом и однослойной обшивкой с обеих сторон | D69: 100 м2 | E69: 0.057 | F69: 15050.65 | G69: 1252.44 | H69: 51.19 | J69: 858 | K69: 71 | L69: 3 | N69: 98 | O69: 5.59
A70: 44 | B70: ТЕР10-05-001-02 | C70: Устройство перегородок из гипсокартонных листов (ГКЛ) по системе «КНАУФ» с одинарным металлическим каркасом и однослойной обшивкой с обеих сторон (С 111) с одним дверным проемом | D70: 100 м2 б/проемов | E70: 0.352 | F70: 16679.62 | G70: 1316.34 | H70: 70.59 | J70: 5871 | K70: 463 | L70: 25 | N70: 103 | O70: 36.26
A71: 45 | B71: ТЕР10-05-001-02 | C71: Устройство перегородок из гипсокартонных листов (ГКЛВ) по системе «КНАУФ» с одинарным металлическим каркасом и однослойной обшивкой с обеих сторон (С 111) с одним дверным проемом | D71: 100 м2 б/проемов | E71: 0.05 | F71: 8735.72 | G71: 1316.34 | H71: 70.59 | J71: 437 | K71: 66 | L71: 4 | N71: 103 | O71: 5.15
A72: 46 | B72: ТСЦ-101-2512 | C72: Листы гипсокартонные ГКЛВ 12,5 мм | D72: м2 | E72: 11.3 | F72: 45.02 | J72: 509
A73: 47 | B73: ТЕР10-04-012-03 | C73: Оформление (обделка) дверных проемов в перегородках с каркасом из стальных профилей ПС-3 и ПН-3 общественных зданий | D73: 100 шт. проемов | E73: 0.05 | F73: 5024.08 | G73: 997.73 | H73: 27.61 | J73: 251 | K73: 50 | L73: 1 | N73: 75.3 | O73: 3.77
A74: 48 | B74: Цена поставщика | C74: Плиты минераловатные EURO-ЛАЙТ, толщина 50 мм. Цена: 2220:1,18:5,56 | D74: м3 | E74: 3.8 | F74: 338.37 | J74: 1286
A75: 49 | B75: ТЕР10-01-015-01 прим. | C75: Устройство перегородок в санузлах каркасных с обшивкой ДСП КОЭФ. К ПОЗИЦИИ: МАТ=0 к расх. | D75: 100 м2 | E75: 0.112 | F75: 1520.82 | G75: 1095.25 | H75: 425.57 | J75: 170 | K75: 123 | L75: 47 | N75: 88.9 | O75: 9.96
A76: 50 | B76: Цена поставщика | C76: Сантехническая (туалетная) перегородка ДСП+меламин, каркас с применением анодированного алюминиевого профиля, толщина 16 мм. Цена: 2200:1,18:5,56 | D76: м2 | E76: 11.22 | F76: 335.33 | J76: 3762
A77: 51 | B77: ТСЦ-101-1999 | C77: Приборы дверные в перегородках санузлов | D77: компл. | E77: 3 | F77: 76.65 | J77: 230
A78: Проемы
A79: 52 | B79: ТЕР10-01-047-01 | C79: Установка блоков из ПВХ в наружных и внутренних дверных проемах в каменных стенах площадью проема до 3 м2 | D79: 100 м2 | E79: 0.016 | F79: 18063.9 | G79: 2508.48 | H79: 618.36 | I79: 16.4 | J79: 289 | K79: 40 | L79: 10 | N79: 201 | O79: 3.22 | P79: 1.05 | Q79: 0.02
A80: 53 | B80: ТСЦ-203-8085 | C80: Блоки дверные наружные или тамбурные глухие (ГОСТ 30970-2002) | D80: м2 | E80: 1.6 | F80: 1281.09 | J80: 2050
A81: 54 | B81: ТЕР10-01-047-04 | C81: Установка блоков из ПВХ в наружных и внутренних дверных проемах в перегородках площадью проема до 3 м2 | D81: 100 м2 | E81: 0.088 | F81: 7756.85 | G81: 1953.53 | H81: 682.72 | I81: 16.4 | J81: 683 | K81: 172 | L81: 60 | M81: 1 | N81: 160.52 | O81: 14.13 | P81: 1.05 | Q81: 0.09
A82: 55 | B82: ТСЦ-203-8085 | C82: Блоки дверные наружные или тамбурные глухие (ГОСТ 30970-2002) | D82: м2 | E82: 1.6 | F82: 1281.09 | J82: 2050
A83: 56 | B83: ТСЦ-203-8088 | C83: Блоки дверные внутренние глухие (ГОСТ 30970-2002) | D83: м2 | E83: 7.254 | F83: 1180.45 | J83: 8563
A84: 57 | B84: ТСЦ-101-0892 прим. | C84: Скобяные изделия для блоков ПВХ входных в здание однопольных | D84: компл. | E84: 7 | F84: 174 | J84: 1218
A85: 58 | B85: ТЕР10-01-039-01 | C85: Установка блоков в наружных и внутренних дверных проемах в каменных стенах, площадь проема до 3 м2 | D85: 100 м2 | E85: 0.315 | F85: 6606.92 | G85: 1349.38 | H85: 2984.53 | I85: 206.57 | J85: 2081 | K85: 425 | L85: 940 | M85: 65 | N85: 104.28 | O85: 32.85 | P85: 11.35 | Q85: 3.58
A86: 59 | B86: ТЕР10-01-039-03 | C86: Установка блоков в наружных и внутренних дверных проемах в перегородках, площадь проема до 3 м2 | D86: 100 м2 | E86: 0.105 | F86: 3108.01 | G86: 1452.45 | H86: 425.76 | J86: 326 | K86: 153 | L86: 45 | N86: 115 | O86: 12.08
A87: 60 | B87: Цена поставщика | C87: Дверное полотно, деревянный массив+узорчатое стекло, тип РИВЬЕРА ДГ 21-12. Цена: 8425,00руб:1,18:5,56 | D87: шт. | E87: 4 | F87: 1284.14 | J87: 5137
A88: 61 | B88: Цена поставщика | C88: Дверное полотно, деревянный массив, тип РИВЬЕРА ДГ 21-7. Цена: 7900,20руб:1,18:5,56 | D88: шт. | E88: 2 | F88: 1204.15 | J88: 2408
A89: 62 | B89: Цена поставщика | C89: Дверное полотно, деревянный массив, тип РИВЬЕРА ДГ 21-9. Цена: 8295,21руб:1,18:5,56 | D89: шт. | E89: 18 | F89: 1264.36 | J89: 22758
A90: 63 | B90: Цена поставщика | C90: Притворная планка на двупольные дверные блоки. Цена: 303руб:1,18:5,56 | D90: шт. | E90: 2 | F90: 46.18 | J90: 92
A91: 64 | B91: Цена поставщика | C91: Прокладки пенополиуретановые для уплотнения притворов дверей сечением 10х10 мм. Цена: 15руб:1,18:5,56 | D91: п.м | E91: 4 | F91: 2.29 | J91: 9
A92: 65 | B92: Цена поставщика | C92: Стойка коробки. Цена: 591руб:1,18:5,56 | D92: шт. | E92: 56 | F92: 90.08 | J92: 5044
A93: 66 | B93: Цена поставщика | C93: Наличник. Цена: 391руб:1,18:5,56 | D93: шт. | E93: 71 | F93: 59.6 | J93: 4232
A94: 67 | B94: ТСЦ-101-0892 прим. | C94: Скобяные изделия для дверных блоков входных однопольных | D94: компл. | E94: 20 | F94: 174 | J94: 3480
A95: 68 | B95: ТСЦ-101-0893 прим. | C95: Скобяные изделия для дверных блоков входных в здание двупольных | D95: компл. | E95: 2 | F95: 235.01 | J95: 470
A96: 69 | B96: Цена поставщика | C96: Ручка дверная. Цена: 650руб:1,18:5,56 | D96: шт. | E96: 29 | F96: 99.07 | J96: 2873
A97: 70 | B97: ФЕР09-04-012-02 прим. | C97: Установка дверного доводчика к дверям КОЭФ. К ПОЗИЦИИ: Приведение расценок ФЕР к территориальному уровню (Письмо УРЦЦС Ц-297 от 12.04.2011) ОЗП=1,41; ЭМ=1,242; ЗПМ=1,41; МАТ=1,052 | D97: шт. | E97: 2 | F97: 19.85 | G97: 15.52 | H97: 3.56 | J97: 40 | K97: 31 | L97: 7 | N97: 1.11 | O97: 2.22
A98: 71 | B98: ТСЦ-101-0888 прим. | C98: Дверной доводчик | D98: компл. | E98: 2 | F98: 224.5 | J98: 449
A99: 72 | B99: ТЕР10-01-034-05 | C99: Установка в жилых и общественных зданиях оконных блоков из ПВХ профилей поворотных с площадью проема до 2 м2 двухстворчатых | D99: 100 м2 | E99: 0.017 | F99: 14895.21 | G99: 2310.62 | H99: 635.5 | I99: 27.49 | J99: 253 | K99: 39 | L99: 11 | N99: 187.55 | O99: 3.19 | P99: 1.76 | Q99: 0.03
A100: 73 | B100: ТСЦ-203-8041 прим. | C100: Блоки оконные из поливинилхлоридных профилей ОП В2 1170х1460 (ГОСТ 30674-99) | D100: шт. | E100: 1 | F100: 1244.62 | J100: 1245
A101: 74 | B101: ТЕР10-01-034-08 | C101: Установка в жилых и общественных зданиях оконных блоков из ПВХ профилей поворотных с площадью проема более 2 м2 трехстворчатых, в том числе при наличии створок глухого остекления | D101: 100 м2 | E101: 0.083 | F101: 11557.22 | G101: 1837.65 | H101: 534.04 | I101: 10.31 | J101: 959 | K101: 153 | L101: 44 | M101: 1 | N101: 149.16 | O101: 12.38 | P101: 0.66 | Q101: 0.05
A102: 75 | B102: ТСЦ-203-8043 прим. | C102: Блоки оконные из поливинилхлоридных профилей ОП В2 1760х2370 (ГОСТ 30674-99) | D102: шт. | E102: 2 | F102: 2092.48 | J102: 4185
A103: 76 | B103: ТЕР10-01-035-01 | C103: Установка подоконных досок из ПВХ в каменных стенах толщиной до 0,51 м | D103: 100 п. м | E103: 0.062 | F103: 4353.28 | G103: 254.49 | H103: 17.99 | I103: 0.62 | J103: 270 | K103: 16 | L103: 1 | N103: 21.19 | O103: 1.31 | P103: 0.04
...

Sheet 25085
A1: СОГЛАСОВАНО: | E1: ФГУП "Комбинат "Электрохимприбор" | M1: УТВЕРЖДАЮ:
G2: (наименование стройки) | M2: Зам. генерального директора
M3: Е.В.Гордеев
A4: _________________ | M4: _________________
A5: " _____ " ________________ 2013 г. | M5: "______ " __________2013 г.
G6: ЛОКАЛЬНЫЙ СМЕТНЫЙ РАСЧЕТ № 25085
G7: (локальная смета)
C9: на | D9: реконструкцию помещений для отдела 031. Город, ул.М-Сибиряка, 3. Инв.№ 4900006
D10: Раздел: Теплоснабжение
H11: (наименование работ и затрат, наименование объекта)
D13: Основание: проект № 24705-13-ТС
D14: Сметная стоимость _______________________________________________________________________________________________ | J14: ___________________________44,677 | L14: тыс. руб.
D15: строительных работ _______________________________________________________________________________________________ | J15: _______________________________________________________________________________________________39,285 | L15: тыс. руб.
D16: монтажных работ _______________________________________________________________________________________________ | J16: _______________________________________________________________________________________________5,392 | L16: тыс. руб.
D17: Средства на оплату труда _______________________________________________________________________________________________ | J17: ___________________________3,804 | L17: тыс. руб.
D18: Сметная трудоемкость _______________________________________________________________________________________________ | J18: _______________________________________________________________________________________________261,4 | L18: чел.час
D19: Составлен(а) в базовых ценах 2001г. в редакции 2009г.
A21: № пп | B21: Обоснование | C21: Наименование | D21: Ед. изм. | E21: Кол. | F21: Стоимость единицы, руб. | J21: Общая стоимость, руб. | N21: Т/з осн. раб.на ед. | O21: Т/з осн. раб. Всего | P21: Т/з мех. на ед. | Q21: Т/з мех. Всего
F22: Всего | G22: В том числе | J22: Всего | K22: В том числе
G23: Осн.З/п | H23: Эк.Маш | I23: З/пМех | K23: Осн.З/п | L23: Эк.Маш | M23: З/пМех
A24: 1 | B24: 2 | C24: 3 | D24: 4 | E24: 5 | F24: 6 | G24: 7 | H24: 8 | I24: 9 | J24: 10 | K24: 11 | L24: 12 | M24: 13 | N24: 14 | O24: 15 | P24: 16 | Q24: 17
A25: Раздел 1. Разборка конструкций
A26: 1 | B26: ТЕРм12-01-002-07 | C26: Демонтаж: трубопровод в помещениях, диаметр труб наружный 57 мм КОЭФ. К ПОЗИЦИИ: Демонтаж оборудования, которое не подлежит дальнейшему использованию (предназначено в лом) с разборкой и резкой на части ОЗП=0,5; ЭМ=0,5 к расх.; ЗПМ=0,5; МАТ=0 к расх.; ТЗ=0,5; ТЗМ=0,5 | D26: 100 м | E26: 0.11 | F26: 2296.51 | G26: 617.88 | H26: 1678.63 | I26: 130.52 | J26: 253 | K26: 68 | L26: 185 | M26: 14 | N26: 45.6 | O26: 5.02 | P26: 7.35 | Q26: 0.81
A27: 2 | B27: ТЕРм12-01-002-03 | C27: Демонтаж: трубопровод в помещениях, диаметр труб наружный 25 мм КОЭФ. К ПОЗИЦИИ: Демонтаж оборудования, которое не подлежит дальнейшему использованию (предназначено в лом) с разборкой и резкой на части ОЗП=0,5; ЭМ=0,5 к расх.; ЗПМ=0,5; МАТ=0 к расх.; ТЗ=0,5; ТЗМ=0,5 | D27: 100 м | E27: 0.03 | F27: 2099.41 | G27: 535.91 | H27: 1563.5 | I27: 120.57 | J27: 63 | K27: 16 | L27: 47 | M27: 4 | N27: 39.55 | O27: 1.19 | P27: 6.8 | Q27: 0.2
A28: 3 | B28: ТЕР18-06-002-02 | C28: Разборка грязевиков наружным диаметром патрубков до 57 мм КОЭФ. К ПОЗИЦИИ: Демонтаж (разборка) внутренних санитарно-технических устройств (водопровода, газопровода, канализации, водостоков, отопления, вентиляции) ОЗП=0,4; ЭМ=0,4 к расх.; ЗПМ=0,4; МАТ=0 к расх.; ТЗ=0,4; ТЗМ=0,4 | D28: 1 шт. | E28: 1 | F28: 18.82 | G28: 15.08 | H28: 3.74 | I28: 0.07 | J28: 19 | K28: 15 | L28: 4 | N28: 1.15 | O28: 1.15
A29: 4 | B29: ТЕР18-06-005-01 | C29: Разборка элеваторов номером 1 КОЭФ. К ПОЗИЦИИ: Демонтаж (разборка) внутренних санитарно-технических устройств (водопровода, газопровода, канализации, водостоков, отопления, вентиляции) ОЗП=0,4; ЭМ=0,4 к расх.; ЗПМ=0,4; МАТ=0 к расх.; ТЗ=0,4; ТЗМ=0,4 | D29: 10 шт. | E29: 0.1 | F29: 153.96 | G29: 118.78 | H29: 35.18 | I29: 0.29 | J29: 15 | K29: 12 | L29: 3 | N29: 8.63 | O29: 0.86 | P29: 0.02
A30: 5 | B30: ТЕРм12-12-001-07 | C30: Демонтаж: арматура фланцевая, диаметр условного прохода 50 мм КОЭФ. К ПОЗИЦИИ: Демонтаж оборудования, которое не подлежит дальнейшему использованию (предназначено в лом) с разборкой и резкой на части ОЗП=0,5; ЭМ=0,5 к расх.; ЗПМ=0,5; МАТ=0 к расх.; ТЗ=0,5; ТЗМ=0,5 | D30: 1 шт. | E30: 6 | F30: 53.57 | G30: 23.65 | H30: 29.92 | I30: 3.1 | J30: 321 | K30: 142 | L30: 179 | M30: 19 | N30: 1.75 | O30: 10.5 | P30: 0.17 | Q30: 1.02
A31: 6 | B31: ТЕРм12-12-001-04 | C31: Демонтаж: арматура фланцевая, диаметр условного прохода 25 мм КОЭФ. К ПОЗИЦИИ: Демонтаж оборудования, которое не подлежит дальнейшему использованию (предназначено в лом) с разборкой и резкой на части ОЗП=0,5; ЭМ=0,5 к расх.; ЗПМ=0,5; МАТ=0 к расх.; ТЗ=0,5; ТЗМ=0,5 | D31: 1 шт. | E31: 6 | F31: 20.33 | G31: 20.33 | J31: 122 | K31: 122 | N31: 1.5 | O31: 9
A32: 7 | B32: ТЕРм12-12-001-04 | C32: Демонтаж: регулятор температуры фланцевый, диаметр условного прохода 25 мм КОЭФ. К ПОЗИЦИИ: Демонтаж оборудования, которое не подлежит дальнейшему использованию (предназначено в лом) с разборкой и резкой на части ОЗП=0,5; ЭМ=0,5 к расх.; ЗПМ=0,5; МАТ=0 к расх.; ТЗ=0,5; ТЗМ=0,5 | D32: 1 шт. | E32: 1 | F32: 20.33 | G32: 20.33 | J32: 20 | K32: 20 | N32: 1.5 | O32: 1.5
A33: Раздел 2. Тепловой узел
A34: 8 | B34: ТЕРм12-12-001-07 | C34: Арматура фланцевая с ручным приводом или без привода водопроводная на условное давление до 4 МПа, диаметр условного прохода 50 мм | D34: 1 шт. | E34: 6 | F34: 112.92 | G34: 47.29 | H34: 59.84 | I34: 6.19 | J34: 678 | K34: 284 | L34: 359 | M34: 37 | N34: 3.49 | O34: 20.94 | P34: 0.34 | Q34: 2.04
A35: 9 | B35: Цена поставщика. | C35: Кран шаровой стальной фланцевый КШТ 60.002.050 DN 50мм | D35: шт. | E35: 6 | F35: 321,61 2110/1,18/5,56 | J35: 1930
A36: 10 | B36: ТЕРм12-12-001-05 | C36: Арматура фланцевая с ручным приводом или без привода водопроводная на условное давление до 4 МПа, диаметр условного прохода 32 мм | D36: 1 шт. | E36: 5 | F36: 46.63 | G36: 43.36 | J36: 233 | K36: 217 | N36: 3.2 | O36: 16
A37: 11 | B37: Цена поставщика. | C37: Кран шаровой стальной фланцевый КШТ 60.002.032 DN 32мм | D37: шт | E37: 3 | F37: 228,94 1502/1,18/5,56 | J37: 687
A38: 12 | B38: Цена поставщика. | C38: Кран шаровой стальной фланцевый КШТ 60.100.032 DN 32мм | D38: шт | E38: 2 | F38: 366,27 2403/1,18/5,56 | J38: 733
A39: 13 | B39: ТЕРм12-12-001-04 | C39: Арматура фланцевая с ручным приводом или без привода водопроводная на условное давление до 4 МПа, диаметр условного прохода 25 мм | D39: 1 шт. | E39: 1 | F39: 43.61 | G39: 40.65 | J39: 44 | K39: 41 | N39: 3 | O39: 3
A40: 14 | B40: Цена поставщика. | C40: Кран шаровой стальной фланцевый КШТ 60.100.025 DN 25мм | D40: шт | E40: 1 | F40: 329,38 2161/1,18/5,56 | J40: 329
A41: 15 | B41: ТЕРм12-12-001-02 | C41: Арматура фланцевая с ручным приводом или без привода водопроводная на условное давление до 4 МПа, диаметр условного прохода 15 мм | D41: 1 шт. | E41: 4 | F41: 43.37 | G41: 40.65 | J41: 173 | K41: 163 | N41: 3 | O41: 12
A42: 16 | B42: Цена поставщика. | C42: Кран шаровой стальной фланцевый КШТ 60.100.015 DN 15мм | D42: шт | E42: 4 | F42: 366,27 2403/1,18/5,56 | J42: 1465
A43: 17 | B43: ТЕРм12-12-001-07 прим. | C43: Монтаж фильтра фланцевого ФСФк-50 DN 50 мм | D43: 1 шт. | E43: 1 | F43: 112.92 | G43: 47.29 | H43: 59.84 | I43: 6.19 | J43: 113 | K43: 47 | L43: 60 | M43: 6 | N43: 3.49 | O43: 3.49 | P43: 0.34 | Q43: 0.34
A44: 18 | B44: Цена поставщика. | C44: Фильтр фланцевый ФСФк-50 DN 50 мм | D44: шт | E44: 1 | F44: 330,45 2168/1,18/5,56 | J44: 330
A45: 19 | B45: ТЕРм12-12-001-05 | C45: Монтаж фильтра фланцевого ФСФк-32 DN 32 мм | D45: 1 шт. | E45: 1 | F45: 46.63 | G45: 43.36 | J45: 47 | K45: 43 | N45: 3.2 | O45: 3.2
A46: 20 | B46: Цена поставщика. | C46: Фильтр фланцевый ФСФк-32 DN 32 мм | D46: шт | E46: 1 | F46: 245,55 1611/1,18/5,56 | J46: 246
A47: 21 | B47: ТЕР18-06-002-02 | C47: Установка грязевиков наружным диаметром патрубков до 57 мм | D47: 1 шт. | E47: 2 | F47: 734.04 | G47: 37.7 | H47: 9.36 | I47: 0.18 | J47: 1468 | K47: 75 | L47: 19 | N47: 2.88 | O47: 5.76 | P47: 0.01 | Q47: 0.02
A48: 22 | B48: ТЕР18-06-005-01 | C48: Установка элеваторов номером 1, 2 | D48: 10 шт. | E48: 0.1 | F48: 811.39 | G48: 296.94 | H48: 87.95 | I48: 0.73 | J48: 81 | K48: 30 | L48: 9 | N48: 21.58 | O48: 2.16 | P48: 0.04
A49: 23 | B49: ФССЦ-302-0118 | C49: Элеваторы 40с10бк водоструйные № 1 КОЭФ. К ПОЗИЦИИ: Приведение расценок ФЕР к территориальному уровню (Письмо УРЦЦС Ц-297 от 12.04.2011) ОЗП=1,41; ЭМ=1,242; ЗПМ=1,41; МАТ=1,052 | D49: шт. | E49: 1 | F49: 504.77 | J49: 505
A50: 24 | B50: ТЕРм12-12-001-05 | C50: Арматура фланцевая с ручным приводом или без привода водопроводная на условное давление до 4 МПа, диаметр условного прохода 32 мм | D50: 1 шт. | E50: 1 | F50: 46.63 | G50: 43.36 | J50: 47 | K50: 43 | N50: 3.2 | O50: 3.2
A51: 25 | B51: Цена поставщика. | C51: Клапан обратный межфланцевый 149В2413 DN 32 мм Danfoss | D51: шт | E51: 1 | F51: 930,3 120,29*43/5,56 | J51: 930
A52: 26 | B52: ТЕРм12-12-001-02 | C52: Монтаж: регулятор температуры фланцевый DN 15 мм Danfoss | D52: 1 шт. | E52: 1 | F52: 43.37 | G52: 40.65 | J52: 43 | K52: 41 | N52: 3 | O52: 3
A53: 27 | B53: Цена поставщика. | C53: Регулирующий клапан 065 В 0771 DN 15 мм Danfoss с защитной гильзой 065-4415 | D53: шт | E53: 1 | F53: 2515,65 325,28*43/5,56 | J53: 2516
A54: 28 | B54: Цена поставщика. | C54: Термостатический элемент 065-0598 Danfoss | D54: шт | E54: 1 | F54: 2057,12 265,99*43/5,56 | J54: 2057
A55: 29 | B55: Цена поставщика. | C55: Фланцевые присоединительные фитинги 003 Н 6915 Danfoss | D55: шт | E55: 1 | F55: 1420,39 183,66*43/5,56 | J55: 1420
A56: 30 | B56: ТЕР18-07-001-04 | C56: Установка термометров биметаллических | D56: 1 компл. | E56: 6 | F56: 6.15 | G56: 4.11 | J56: 37 | K56: 25 | N56: 0.31 | O56: 1.86
A57: 31 | B57: Цена поставщика. | C57: Термометр технический биметаллический БТ-52111 | D57: шт | E57: 6 | F57: 71,64 470/1,18/5,56 | J57: 430
A58: 32 | B58: Цена поставщика. | C58: Латунный фланец для термометра БТ-52111 | D58: шт | E58: 6 | F58: 19,81 130/1,18/5,56 | J58: 119
A59: 33 | B59: ТЕРм12-10-001-01 | C59: Бобышки, штуцеры на условное давление до 10 МПа | D59: 100 шт. | E59: 0.08 | F59: 3444.75 | G59: 886.17 | H59: 492.2 | J59: 276 | K59: 71 | L59: 39 | N59: 65.4 | O59: 5.23
A60: 34 | B60: Цена поставщика. | C60: Бобышка №2 БП-БТ-30 длина 30мм | D60: шт | E60: 6 | F60: 25,91 170/1,18/5,56 | J60: 155
A61: 35 | B61: Цена поставщика. | C61: Бобышка №3 БП-БТ-55 длина 40мм | D61: шт | E61: 2 | F61: 27,44 180/1,18/5,56 | J61: 55
A62: 36 | B62: ТЕР18-07-001-03 | C62: Установка манометров с трехходовым краном и трубкой-сифоном | D62: 1 компл. | E62: 7 | F62: 5.22 | G62: 4.27 | J62: 37 | K62: 30 | N62: 0.31 | O62: 2.17
A63: 37 | B63: Цена поставщика. | C63: Манометр технический БТ-510Р | D63: шт | E63: 7 | F63: 60,21 395/1,18/5,56 | J63: 421
A64: 38 | B64: Цена поставщика. | C64: Краны трехходовые | D64: шт | E64: 7 | F64: 54,87 360/1,18/5,56 | J64: 384
A65: 39 | B65: Цена поставщика. | C65: Уплотнительные кольца для установки манометра (дополнительно) | D65: шт | E65: 7 | F65: 23,63 155/1,18/5,56 | J65: 165
A66: 40 | B66: Цена поставщика. | C66: Петлевая трубка для манометра (дополнительно) | D66: шт | E66: 3 | F66: 46,49 305/1,18/5,56 | J66: 139
A67: 41 | B67: ТЕР16-02-004-03 | C67: Прокладка трубопроводов отопления и газоснабжения из стальных бесшовных труб диаметром 80 мм | D67: 100 м трубопровода | E67: 0.045 | F67: 10883.23 | G67: 1097.36 | H67: 278 | I67: 6.73 | J67: 490 | K67: 49 | L67: 13 | N67: 79.75 | O67: 3.59 | P67: 0.37 | Q67: 0.02
A68: 42 | B68: ТЕР16-02-004-02 | C68: Прокладка трубопроводов отопления и газоснабжения из стальных бесшовных труб диаметром 65 мм | D68: 100 м трубопровода | E68: 0.26 | F68: 7903.63 | G68: 991.41 | H68: 189.78 | I68: 4.19 | J68: 2055 | K68: 258 | L68: 49 | M68: 1 | N68: 72.05 | O68: 18.73 | P68: 0.23 | Q68: 0.06
A69: 43 | B69: ТЕР16-02-004-01 | C69: Прокладка трубопроводов отопления и газоснабжения из стальных бесшовных труб диаметром до 50 мм | D69: 100 м трубопровода | E69: 0.135 | F69: 1047.68 | G69: 837.02 | H69: 157.48 | I69: 3.46 | J69: 141 | K69: 113 | L69: 21 | N69: 60.83 | O69: 8.21 | P69: 0.19 | Q69: 0.03
A70: 44 | B70: ТСЦ-302-1315 | C70: Трубопроводы из стальных водогазопроводных неоцинкованных труб с гильзами и креплениями для газоснабжения диаметром 40 мм | D70: м | E70: 5.5 | F70: 48.37 | J70: 266
A71: 45 | B71: ТСЦ-302-1314 | C71: Трубопроводы из стальных водогазопроводных неоцинкованных труб с гильзами и креплениями для газоснабжения диаметром 32 мм | D71: м | E71: 2 | F71: 45.73 | J71: 91
A72: 46 | B72: ТСЦ-302-1313 | C72: Трубопроводы из стальных водогазопроводных неоцинкованных труб с гильзами и креплениями для газоснабжения диаметром 25 мм | D72: м | E72: 3 | F72: 43.4 | J72: 130
A73: 47 | B73: ТСЦ-302-1312 | C73: Трубопроводы из стальных водогазопроводных неоцинкованных труб с гильзами и креплениями для газоснабжения диаметром 20 мм | D73: м | E73: 3 | F73: 37.88 | J73: 114
A74: 48 | B74: ТСЦ-507-1222 | C74: Фланцы из углеродистой стали ВСт3сп3 на условное давление Ру 1,6 МПа (16 кгс/см2), диаметром условного прохода 50 мм | D74: компл. | E74: 16 | F74: 246.28 | J74: 3940
A75: 49 | B75: ТСЦ-507-1221 | C75: Фланцы из углеродистой стали ВСт3сп3 на условное давление Ру 1,6 МПа (16 кгс/см2), диаметром условного прохода 40 мм | D75: компл. | E75: 1 | F75: 160.8 | J75: 161
A76: 50 | B76: ТСЦ-507-1220 | C76: Фланцы из углеродистой стали ВСт3сп3 на условное давление Ру 1,6 МПа (16 кгс/см2), диаметром условного прохода 32 мм | D76: компл. | E76: 2 | F76: 151.69 | J76: 303
A77: 51 | B77: ФССЦ-507-3413 | C77: Фланцы воротниковые приварные встык из углеродистой стали марки 20, давлением 1,6 МПа (16 кгс/см2), диаметром 32 мм КОЭФ. К ПОЗИЦИИ: Приведение расценок ФЕР к территориальному уровню (Письмо УРЦЦС Ц-297 от 12.04.2011) ОЗП=1,41; ЭМ=1,242; ЗПМ=1,41; МАТ=1,052 | D77: шт. | E77: 2 | F77: 60.5 | J77: 121
A78: 52 | B78: ТСЦ-507-0995 | C78: Фланцы стальные плоские приварные из стали ВСт3сп2, ВСт3сп3, давлением 1,6 МПа (16 кгс/см2), диаметром 15 мм | D78: шт. | E78: 2 | F78: 17.93 | J78: 36
A79: 53 | B79: ТЕР07-05-030-11 | C79: Установка мелких конструкций (опорных подушек) массой до 0,5 т | D79: 100 шт | E79: 0.02 | F79: 4594.27 | G79: 1566.44 | H79: 806.27 | I79: 57.33 | J79: 92 | K79: 31 | L79: 16 | M79: 1 | N79: 122.57 | O79: 2.45 | P79: 3.15 | Q79: 0.06
A80: 54 | B80: ТСЦ-403-0627 | C80: Опорные подушки ОП 3 /бетон В15 (М200), объем 0,015 м3, расход ар-ры 2,1 кг / (серия 3.006.1-8) | D80: шт. | E80: 2 | F80: 39.02 | J80: 78
A81: 55 | B81: ТЕР09-03-039-01 | C81: Монтаж опорных конструкций для крепления трубопроводов внутри зданий и сооружений массой до 0,1 т | D81: 1 т конструкций | E81: 0.101 | F81: 1711.14 | G81: 1025.21 | H81: 386.58 | I81: 2 | J81: 173 | K81: 104 | L81: 39 | N81: 80.22 | O81: 8.1 | P81: 0.11 | Q81: 0.01
A82: 56 | B82: ТСЦ-301-0477 | C82: Крепления | D82: т | E82: 0.101 | F82: 12914.61 | J82: 1304
A83: 57 | B83: ТСЦ-101-1928 | C83: Болты распорные МР 12х100 | D83: шт. | E83: 33 | F83: 5.47 | J83: 181
A84: 58 | B84: ТЕР13-03-002-04 | C84: Огрунтовка металлических поверхностей за один раз грунтовкой ГФ-021 КОЭФ. К ПОЗИЦИИ: количество окрасок ПЗ=2 (ОЗП=2; ЭМ=2 к расх.; ЗПМ=2; МАТ=2 к расх.; ТЗ=2; ТЗМ=2) | D84: 100 м2 | E84: 0.56 | F84: 834.92 | G84: 159.3 | H84: 20.3 | I84: 0.32 | J84: 468 | K84: 89 | L84: 11 | N84: 10.62 | O84: 5.95 | P84: 0.02 | Q84: 0.01
A85: 59 | B85: ТЕР13-03-004-26 | C85: Окраска металлических огрунтованных поверхностей эмалью ПФ-115 | D85: 100 м2 | E85: 0.56 | F85: 630.91 | G85: 48.95 | H85: 6.68 | I85: 0.16 | J85: 353 | K85: 27 | L85: 4 | N85: 3.83 | O85: 2.14 | P85: 0.01 | Q85: 0.01
A86: 60 | B86: ТЕР24-02-060-01 | C86: Устройство цокольного ввода трубопровода из стальных труб в здание, условный диаметр газопровода до 50 мм | D86: 10 вводов | E86: 0.2 | F86: 5471.01 | G86: 1158.73 | H86: 620.87 | I86: 9.62 | J86: 1094 | K86: 232 | L86: 124 | M86: 2 | N86: 88.52 | O86: 17.7 | P86: 0.71 | Q86: 0.14
A87: 61 | B87: ФССЦ-301-3051 прим. | C87: Газонепроницаемый сальник из стальных электросварных и бесшовных труб, для тепловых сетей, диаметром 100 мм КОЭФ. К ПОЗИЦИИ: Приведение расценок ФЕР к территориальному уровню (Письмо УРЦЦС Ц-297 от 12.04.2011) ОЗП=1,41; ЭМ=1,242; ЗПМ=1,41; МАТ=1,052 | D87: шт. | E87: 2 | F87: 566.14 | J87: 1132
A88: 62 | B88: ФССЦ-509-3368 | C88: Набивки сальниковые КОЭФ. К ПОЗИЦИИ: Приведение расценок ФЕР к территориальному уровню (Письмо УРЦЦС Ц-297 от 12.04.2011) ОЗП=1,41; ЭМ=1,242; ЗПМ=1,41; МАТ=1,052 | D88: кг | E88: 2.4 | F88: 30.05 | J88: 72
A89: 63 | B89: ТЕР20-02-003-07 | C89: Установка решеток жалюзийных стальных регулирующих (РР), номер 3, размер 200х200 мм | D89: 1 решетка | E89: 1 | F89: 20.6 | G89: 14.78 | H89: 2.94 | J89: 21 | K89: 15 | L89: 3 | N89: 1.17 | O89: 1.17
A90: 64 | B90: ФССЦ-301-2630 | C90: Решетки вентиляционные алюминиевые "АРКТОС" типа АРН размером 200х200 мм КОЭФ. К ПОЗИЦИИ: Приведение расценок ФЕР к территориальному уровню (Письмо УРЦЦС Ц-297 от 12.04.2011) ОЗП=1,41; ЭМ=1,242; ЗПМ=1,41; МАТ=1,052 | D90: шт. | E90: 1 | F90: 316.5 | J90: 317
A91: 65 | B91: ТЕР26-01-001-01 | C91: Изоляция трубопроводов конструкциями теплоизоляционными комплектными на основе цилиндров минераловатных на синтетическом связующем | D91: 1 м3 изоляции | E91: 0.6 | F91: 718.37 | G91: 507.25 | H91: 81.88 | J91: 431 | K91: 304 | L91: 49 | N91: 36.31 | O91: 21.79
A92: 66 | B92: ТСЦ-104-1333 | C92: Цилиндры минераловатные кашированные алюминиевой фольгой толщиной 40 мм, диаметром 57 мм (ROCKWOOL) | D92: м | E92: 42 | F92: 77.75 | J92: 3266
A93: 67 | B93: ТСЦ-104-1337 | C93: Цилиндры минераловатные кашированные алюминиевой фольгой толщиной 40 мм, диаметром 76 мм (ROCKWOOL) | D93: м | E93: 4 | F93: 90.82 | J93: 363
A94: 68 | B94: ТСЦ-101-2481 | C94: Лента самоклеящаяся «Армофлекс» 3х50 мм | D94: м | E94: 94 | F94: 2.57 | J94: 242
A95: Итого прямые затраты по смете в ценах 2001г. | J95: 36541 | K95: 2727 | L95: 1233 | M95: 84 | O95: 201.06 | Q95: 4.77
A96: Итого прямые затраты по смете с учетом коэффициентов к итогам | J96: 38164 | K96: 3698 | L96: 1595 | M96: 106 | O96: 261.4 | Q96: 5.85
A97: В том числе, справочно:
A98: Районный к-т 4,3% (Поз. 3-4, 21-22, 30, 36, 41-43, 63, 53, 55, 58-60, 65, 1-2, 5-8, 10, 13, 15, 17, 19, 24, 26, 33) | J98: 120 | K98: 117 | L98: 4 | M98: 4
A99: При реконструкции зданий и сооружений работы, аналогичные технологическим процессам в новом строительстве ОЗП=1,15; ЭМ=1,25; ЗПМ=1,25; ТЗ=1,15; ТЗМ=1,25 (Поз. 21-22, 30, 36, 41-43, 63, 53, 55, 58-60, 65) | J99: 306 | K99: 216 | L99: 89 | M99: 1 | O99: 15.267 | Q99: 0.09
A100: Заготовительно-складские расходы на материалы - согласно п.4.64 из МДС 81-35.2004 МАТ=1,02 (Поз. 9, 11-12, 14, 16, 18, 20, 25, 27-29, 31-32, 34-35, 37-40) | J100: 290
A101: На испытание систем отопления 3% (тех.часть п.1.18.16) ОЗП=1,03; ЭМ=1,03; ЗПМ=1,03; ТЗ=1,03; ТЗМ=1,03 (Поз. 21-22, 30, 36, 41-43, 63) | J101: 25 | K101: 21 | L101: 4 | O101: 1.506 | Q101: 0.0048
A102: Условия производства работ ОЗП=1,2; ЭМ=1,2; ЗПМ=1,2; ТЗ=1,2; ТЗМ=1,2 (Поз. 3-4, 21-22, 30, 36, 41-43, 63, 53, 55, 58-60, 65, 1-2, 5-8, 10, 13, 15, 17, 19, 24, 26, 33) | J102: 882 | K102: 616 | L102: 266 | M102: 18 | O102: 43.57 | Q102: 0.974
A103: Накладные расходы | J103: 3805
...

Sheet НМЦ
A1: г. Лесной ФГУП "Комбинат "Электрохимприбор"
A3: Расчет начальной (максимальной) цены
A5: Выполнение работ по реконструкции здания расположенного по ул. Мамина-Сибиряка, 3
A8: Составлен в ценах по состоянию на 01.01.2000 г. с переводом в текущие | D8: руб.
A9: Наименование глав ССР, объектных сметных расчетов, локальных сметных расчетов, видов работ | B9: Сметная стоимость в базисных ценах на 01.01.2000 | C9: Текущая стоимость на момент определения начальной (максимальной) цены | D9: № обосновывающего расчета
A13: 1 | B13: 2 | C13: 3 | D13: 4
A14: Водопровод и канализация | B14: ='Сводка затрат'!H13 -> 17357 | C14: =ROUND('Сводка затрат'!D13*5.98,0)+ROUND('Сводка затрат'!E13*5.98,0)+ROUND('Сводка затрат'!F13*4.21,0)+ROUND('Сводка затрат'!G13*10.48,0) -> 103795 | D14: 25033
A15: Кондиционирование | B15: ='Сводка затрат'!H14 -> 165563 | C15: =ROUND('Сводка затрат'!D14*5.98,0)+ROUND('Сводка затрат'!E14*5.98,0)+ROUND('Сводка затрат'!F14*4.21,0)+ROUND('Сводка затрат'!G14*10.48,0) -> 843130 | D15: 25074
A16: Отопление | B16: ='Сводка затрат'!H15 -> 23518 | C16: =ROUND('Сводка затрат'!D15*5.98,0)+ROUND('Сводка затрат'!E15*5.98,0)+ROUND('Сводка затрат'!F15*4.21,0)+ROUND('Сводка затрат'!G15*10.48,0) -> 140638 | D16: 25079
A17: Электрооборудование. Электроосвещение | B17: ='Сводка затрат'!H16 -> 268107 | C17: =ROUND('Сводка затрат'!D16*5.98,0)+ROUND('Сводка затрат'!E16*5.98,0)+ROUND('Сводка затрат'!F16*4.21,0)+ROUND('Сводка затрат'!G16*10.48,0) -> 1603280 | D17: 25081
A18: Автоматическая установка пожарной сигнализации и СОУЭ | B18: ='Сводка затрат'!H17 -> 21055 | C18: =ROUND('Сводка затрат'!D17*5.98,0)+ROUND('Сводка затрат'!E17*5.98,0)+ROUND('Сводка затрат'!F17*4.21,0)+ROUND('Сводка затрат'!G17*10.48,0) -> 120839 | D18: 25082
A19: Архитектурно-строительные | B19: ='Сводка затрат'!H18 -> 378177 | C19: =ROUND('Сводка затрат'!D18*5.98,0)+ROUND('Сводка затрат'!E18*5.98,0)+ROUND('Сводка затрат'!F18*4.21,0)+ROUND('Сводка затрат'!G18*10.48,0) -> 2261498 | D19: 25083
A20: Теплоснабжение | B20: ='Сводка затрат'!H19 -> 44677 | C20: =ROUND('Сводка затрат'!D19*5.98,0)+ROUND('Сводка затрат'!E19*5.98,0)+ROUND('Сводка затрат'!F19*4.21,0)+ROUND('Сводка затрат'!G19*10.48,0) -> 267168 | D20: 25085
A21: Итого | B21: =SUM(B14:B20) -> 918454 | C21: =SUM(C14:C20) -> 5340348
A23: НДС 18% | C23: =ROUND(C21*18%,2) -> 961262.64
A25: Всего | C25: =SUM(C21:C24) -> 6301610.6
A28: Начальник отдела
A29: капитального строительства | C29: В.В. Моляков
A31: Инженер по проектно-сметной работе | C31: Т.Ш. Ковязина
A34: Согласовано | C34: отдел 028

Sheet Сводка затрат
A1: Приложение №__ к договору от "__"______2013 №_______
A3: г. Лесной. ФГУП "Комбинат "Электрохимприбор"
A5: Сводка затрат
A7: Выполнение работ по реконструкции здания расположенного по ул. Мамина-Сибиряка, 3
A9: Составлен в ценах по состоянию на 01.01.2000 г.
A10: № п/п | B10: Номера сметных расчетов и смет | C10: Наименование работ и затрат | D10: Сметная стоимость | H10: Общая сметная стоимость, руб.
D11: строительных работ | E11: монтажных работ | F11: оборудования, мебели, инвентаря | G11: прочих затрат
A12: 1 | B12: 2 | C12: 3 | D12: 4 | E12: 5 | F12: 6 | G12: 7 | H12: 8
A13: 1 | B13: 25033 | C13: Водопровод и канализация | D13: ='25033'!J94 -> 17357 | E13: 0 | F13: 0 | G13: 0 | H13: =SUM(D13:G13) -> 17357 | J13: =ROUND(D13*5.98,0) -> 103795 | K13: =ROUND(E13*5.98,0) -> 0 | L13: =ROUND(F13*4.21,0) -> 0 | M13: =SUM(J13:L13) -> 103795
A14: 2 | B14: 25074 | C14: Кондиционирование | D14: ='25074'!K80 -> 78335 | E14: ='25074'!K81 -> 4213 | F14: ='25074'!K82 -> 83015 | G14: 0 | H14: =SUM(D14:G14) -> 165563 | J14: =ROUND(D14*5.98,0) -> 468443 | K14: =ROUND(E14*5.98,0) -> 25194 | L14: =ROUND(F14*4.21,0) -> 349493 | M14: =SUM(J14:L14) -> 843130
A15: 3 | B15: 25079 | C15: Отопление | D15: ='25079'!J74 -> 23518 | E15: 0 | F15: 0 | G15: 0 | H15: =SUM(D15:G15) -> 23518 | J15: =ROUND(D15*5.98,0) -> 140638 | K15: =ROUND(E15*5.98,0) -> 0 | L15: =ROUND(F15*4.21,0) -> 0 | M15: =SUM(J15:L15) -> 140638
A16: 4 | B16: 25081 | C16: Электрооборудование. Электроосвещение | D16: ='25081'!J176 -> 3498 | E16: ='25081'!J177 -> 264609 | F16: 0 | G16: 0 | H16: =SUM(D16:G16) -> 268107 | J16: =ROUND(D16*5.98,0) -> 20918 | K16: =ROUND(E16*5.98,0) -> 1582362 | L16: =ROUND(F16*4.21,0) -> 0 | M16: =SUM(J16:L16) -> 1603280
A17: 5 | B17: 25082 | C17: Автоматическая установка пожарной сигнализации и СОУЭ | D17: 0 | E17: ='25082'!J77 -> 18191 | F17: ='25082'!J78 -> 2864 | G17: 0 | H17: =SUM(D17:G17) -> 21055 | J17: =ROUND(D17*5.98,0) -> 0 | K17: =ROUND(E17*5.98,0) -> 108782 | L17: =ROUND(F17*4.21,0) -> 12057 | M17: =SUM(J17:L17) -> 120839
A18: 6 | B18: 25083 | C18: Архитектурно-строительные | D18: ='25083'!J223 -> 378177 | E18: 0 | F18: 0 | G18: 0 | H18: =SUM(D18:G18) -> 378177 | J18: =ROUND(D18*5.98,0) -> 2261498 | K18: =ROUND(E18*5.98,0) -> 0 | L18: =ROUND(F18*4.21,0) -> 0 | M18: =SUM(J18:L18) -> 2261498
A19: 7 | B19: 25085 | C19: Теплоснабжение | D19: ='25085'!J120 -> 39285 | E19: ='25085'!J121 -> 5392 | F19: 0 | G19: 0 | H19: =SUM(D19:G19) -> 44677 | J19: =ROUND(D19*5.98,0) -> 234924 | K19: =ROUND(E19*5.98,0) -> 32244 | L19: =ROUND(F19*4.21,0) -> 0 | M19: =SUM(J19:L19) -> 267168
C20: Итого в базисных ценах 2000 г. | D20: =SUM(D13:D19) -> 540170 | E20: =SUM(E13:E19) -> 292405 | F20: =SUM(F13:F19) -> 85879 | G20: =SUM(G13:G19) -> 0 | H20: =SUM(D20:G20) -> 918454 | J20: =SUM(J13:J19) -> 3230216 | K20: =SUM(K13:K19) -> 1748582 | L20: =SUM(L13:L19) -> 361550 | M20: =SUM(M13:M19) -> 5340348
C21: Всего в ценах 2014 (Ксмр=5,98, Коб.=4,21) | D21: =ROUND(D20*5.98,0)-1 -> 3230216 | E21: =ROUND(E20*5.98,0) -> 1748582 | F21: =ROUND(F20*4.21,0)-1 -> 361550 | G21: =ROUND(G20*10.48,0) -> 0 | H21: =SUM(D21:G21) -> 5340348
C22: НДС 18% | D22: =ROUND(D21*18%,2) -> 581438.88 | E22: =ROUND(E21*18%,2) -> 314744.76 | F22: =ROUND(F21*18%,2) -> 65079 | G22: =ROUND(G21*18%,2) -> 0 | H22: =SUM(D22:G22) -> 961262.64
C23: Всего в ценах 2014 с НДС | D23: =SUM(D21:D22) -> 3811654.9 | E23: =SUM(E21:E22) -> 2063326.8 | F23: =SUM(F21:F22) -> 426629 | G23: =SUM(G21:G22) -> 0 | H23: =SUM(D23:G23) -> 6301610.6
C27: ЗАКАЗЧИК: | G27: ПОДРЯДЧИК:
C28: Генеральный директор
C29: ФГУП "Комбинат "Электрохимприбор"
C31: __________________ А.В. Новиков
